Workbook
Name _: #REF!
Name _: #REF!
Name _________________________________apu1: #REF!
Name _________________________________apu1: #REF!
Name ________________________________apu1: #REF!
Name ________________________________apu1: #REF!
Name _______________________________apu1: #REF!
Name _______________________________apu1: #REF!
Name ______________________________apu1: #REF!
Name ______________________________apu1: #REF!
Name ____________________________apu1: #REF!
Name ____________________________apu1: #REF!
Name ___________________________apu1: #REF!
Name ___________________________apu1: #REF!
Name __________________________apu1: #REF!
Name __________________________apu1: #REF!
Name _________________________apu1: #REF!
Name _________________________apu1: #REF!
Name ________________________apu1: #REF!
Name ________________________apu1: #REF!
Name _______________________apu1: #REF!
Name _______________________apu1: #REF!
Name _____________________apu1: #REF!
Name _____________________apu1: #REF!
Name ____________________apu1: #REF!
Name ____________________apu1: #REF!
Name ___________________apu1: #REF!
Name ___________________apu1: #REF!
Name __________________apu1: #REF!
Name __________________apu1: #REF!
Name _________________apu1: #REF!
Name _________________apu1: #REF!
Name ________________apu1: #REF!
Name ________________apu1: #REF!
Name _______________apu1: #REF!
Name _______________apu1: #REF!
Name _______________EST1: #REF!
Name _______________EST1: #REF!
Name _______________EST10: #REF!
Name _______________EST10: #REF!
Name _______________EST11: #REF!
Name _______________EST11: #REF!
Name _______________EST12: #REF!
Name _______________EST12: #REF!
Name _______________EST13: #REF!
Name _______________EST13: #REF!
Name _______________EST14: #REF!
Name _______________EST14: #REF!
Name _______________EST15: #REF!
Name _______________EST15: #REF!
Name _______________EST16: #REF!
Name _______________EST16: #REF!
Name _______________EST17: #REF!
Name _______________EST17: #REF!
Name _______________EST18: #REF!
Name _______________EST18: #REF!
Name _______________EST19: #REF!
Name _______________EST19: #REF!
Name _______________EST2: #REF!
Name _______________EST2: #REF!

Sheet RESUMEN
A3: RESUMEN COSTOS DIRECTOS
A4: I.E. SAN JOSE PRIMARIA | B4: =+MEMORIAS!M5 -> 54128747
A5: I.E. SAN JOSE SECUNDARIA | B5: =+MEMORIAS!N5 -> 63893352
A6: I.E. LOS ANGELES | B6: =+MEMORIAS!O5 -> 45698077
A7: TRANSPORTE | B7: =+ACTIVIDADES!E204 -> 47169.5
A8: TOTAL COSTO DIRECTO | B8: =+B4+B5+B6 -> 1.6372018e+08
B10: =+ACTIVIDADES!G206 -> 1.6372018e+08
B12: =+B10-B8 -> 0

Sheet CAPITULOS
B2: ITEM | C2: DESCRIPCIÓN | D2: VR TOTAL
B3: 1 | C3: {=IFERROR(INDEX(ACTIVIDADES!$C:$C,MATCH(B3,ACTIVIDADES!$B:$B,0)),"")} -> PRELIMINARES | D3: {=IFERROR(INDEX(ACTIVIDADES!$G:$G,MATCH(B3,ACTIVIDADES!$B:$B,0)),"")} -> 1260536.7
B4: 2 | C4: {=IFERROR(INDEX(ACTIVIDADES!$C:$C,MATCH(B4,ACTIVIDADES!$B:$B,0)),"")} -> LIMPIEZA Y ROCERIA | D4: {=IFERROR(INDEX(ACTIVIDADES!$G:$G,MATCH(B4,ACTIVIDADES!$B:$B,0)),"")} -> 78449.173
B5: 3 | C5: {=IFERROR(INDEX(ACTIVIDADES!$C:$C,MATCH(B5,ACTIVIDADES!$B:$B,0)),"")} -> RETIROS Y DEMOLICIONES | D5: {=IFERROR(INDEX(ACTIVIDADES!$G:$G,MATCH(B5,ACTIVIDADES!$B:$B,0)),"")} -> 1590515.5
B6: 4 | C6: {=IFERROR(INDEX(ACTIVIDADES!$C:$C,MATCH(B6,ACTIVIDADES!$B:$B,0)),"")} -> MOVIMIENTOS DE TIERRA | D6: {=IFERROR(INDEX(ACTIVIDADES!$G:$G,MATCH(B6,ACTIVIDADES!$B:$B,0)),"")} -> 98423.603
B7: 5 | C7: {=IFERROR(INDEX(ACTIVIDADES!$C:$C,MATCH(B7,ACTIVIDADES!$B:$B,0)),"")} -> CONCRETOS | D7: {=IFERROR(INDEX(ACTIVIDADES!$G:$G,MATCH(B7,ACTIVIDADES!$B:$B,0)),"")} -> 948003.23
B8: 6 | C8: {=IFERROR(INDEX(ACTIVIDADES!$C:$C,MATCH(B8,ACTIVIDADES!$B:$B,0)),"")} -> ACERO DE REFUERZO | D8: {=IFERROR(INDEX(ACTIVIDADES!$G:$G,MATCH(B8,ACTIVIDADES!$B:$B,0)),"")} -> 1805921.7
B9: 7 | C9: {=IFERROR(INDEX(ACTIVIDADES!$C:$C,MATCH(B9,ACTIVIDADES!$B:$B,0)),"")} -> IMPERMEABILIZACIONES | D9: {=IFERROR(INDEX(ACTIVIDADES!$G:$G,MATCH(B9,ACTIVIDADES!$B:$B,0)),"")} -> 946741.64
B10: 8 | C10: {=IFERROR(INDEX(ACTIVIDADES!$C:$C,MATCH(B10,ACTIVIDADES!$B:$B,0)),"")} -> PISOS EN CONCRETO | D10: {=IFERROR(INDEX(ACTIVIDADES!$G:$G,MATCH(B10,ACTIVIDADES!$B:$B,0)),"")} -> 16234701
B11: 9 | C11: {=IFERROR(INDEX(ACTIVIDADES!$C:$C,MATCH(B11,ACTIVIDADES!$B:$B,0)),"")} -> MAMPOSTERIA | D11: {=IFERROR(INDEX(ACTIVIDADES!$G:$G,MATCH(B11,ACTIVIDADES!$B:$B,0)),"")} -> 0
B12: 10 | C12: {=IFERROR(INDEX(ACTIVIDADES!$C:$C,MATCH(B12,ACTIVIDADES!$B:$B,0)),"")} -> CUBIERTA | D12: {=IFERROR(INDEX(ACTIVIDADES!$G:$G,MATCH(B12,ACTIVIDADES!$B:$B,0)),"")} -> 19595685
B13: 11 | C13: {=IFERROR(INDEX(ACTIVIDADES!$C:$C,MATCH(B13,ACTIVIDADES!$B:$B,0)),"")} -> CARPINTERÍA METÁLICA y MADERA | D13: {=IFERROR(INDEX(ACTIVIDADES!$G:$G,MATCH(B13,ACTIVIDADES!$B:$B,0)),"")} -> 60237212
B14: 12 | C14: {=IFERROR(INDEX(ACTIVIDADES!$C:$C,MATCH(B14,ACTIVIDADES!$B:$B,0)),"")} -> REDES HIDROSANITARIAS | D14: {=IFERROR(INDEX(ACTIVIDADES!$G:$G,MATCH(B14,ACTIVIDADES!$B:$B,0)),"")} -> 2128783.6
... B21: 19 | C21: {=IFERROR(INDEX(ACTIVIDADES!$C:$C,MATCH(B21,ACTIVIDADES!$B:$B,0)),"")} -> TRANSPORTE | D21: {=IFERROR(INDEX(ACTIVIDADES!$G:$G,MATCH(B21,ACTIVIDADES!$B:$B,0)),"")} -> 47169.5
C23: COSTO OBRA CIVIL E INSTALACIONES ANTES DE A.U. | D23: =SUM(D3:D22) -> 1.6372018e+08
C25: ADMINISTRACIÓN | D25: =+ACTIVIDADES!G208 -> 49476447
C26: UTILIDAD | D26: =+ACTIVIDADES!G209 -> 8186008.8
C28: COSTO DIRECTO TOTAL | D28: =+D23+D25+D26 -> 2.2138263e+08
C30: PGIO | D30: =+ACTIVIDADES!G214 -> 1444227
C31: POLIZAS | D31: =+ACTIVIDADES!G213 -> 1698044
C32: INTERVENTORIA | D32: =+ACTIVIDADES!G216 -> 0
C34: OTROS | D34: =+ACTIVIDADES!G220 -> 0
C36: COSTOS INDIRECTOS | D36: =+D30+D31+D32+D34 -> 3142271
C38: COSTO TOTAL PROYECTO | D38: =+D36+D28 -> 2.245249e+08

Sheet ACTIVIDADES
B2: MANTENIMIENTO RESTAURANTES ESCOLARES
B3: GOBERNACION DE ANTIOQUIA
C5: PRESUPUESTO POR ACTIVIDADES
B7: ITEM | C7: DESCRIPCIÓN | D7: UNIDAD | E7: CANTIDAD | F7: VR UNITARIO | G7: VR TOTAL
B8: 1 | C8: PRELIMINARES | G8: =SUM(G9) -> 1260536.7
B9: =+B8+0.01 -> 1.01 | C9: Suministro e Instalación de CERRAMIENTO PROVISIONAL en tela naranja con una altura de 2,1 m. y estructura en larguero común. Incluye suministro, transporte, instalación y desmonte de la tela , excavación manual en cualquier material y todos los demás elementos necesarios para su correcta instalación. | D9: m | E9: {=INDEX(MEMORIAS!I:I,MATCH(ACTIVIDADES!B9,MEMORIAS!B:B,0))} -> 92.8993 | F9: =INDEX(APU!I:I,MATCH(B9,APU!J:J,0)) -> 13568.85 | G9: =IFERROR(E9*F9,0) -> 1260536.7
B10: 2 | C10: LIMPIEZA Y ROCERIA | G10: =SUM(G11:G12) -> 78449.173
B11: =+B10+0.01 -> 2.01 | C11: Limpieza de cajas y/o sumideros manualmente. Incluye acarreo interno, cargue, transporte botada de material producto de la actividad y todo lo necesario para correcta ejecución de la actividad. | D11: un | E11: {=INDEX(MEMORIAS!I:I,MATCH(ACTIVIDADES!B11,MEMORIAS!B:B,0))} -> 4 | F11: =INDEX(APU!I:I,MATCH(B11,APU!J:J,0)) -> 19612.293 | G11: =IFERROR(E11*F11,0) -> 78449.173
B12: =+B11+0.01 -> 2.02 | C12: Limpieza de cunetas, incluye: Acarreo interno, cargue, transporte y botada de escombros y material producto de la actividad y todo lo necesario para la correcta ejecución de la actividad. | D12: ml | E12: {=INDEX(MEMORIAS!I:I,MATCH(ACTIVIDADES!B12,MEMORIAS!B:B,0))} -> 0 | F12: =INDEX(APU!I:I,MATCH(B12,APU!J:J,0)) -> 5732.9504 | G12: =IFERROR(E12*F12,0) -> 0
B13: 3 | C13: RETIROS Y DEMOLICIONES | G13: =SUM(G14:G34) -> 1590515.5
B14: =+B13+0.01 -> 3.01 | C14: RETIRO Y BOTADA DE CUBIERTA DE TEJA DE BARRO. | D14: m² | E14: {=INDEX(MEMORIAS!I:I,MATCH(ACTIVIDADES!B14,MEMORIAS!B:B,0))} -> 0 | F14: =INDEX(APU!I:I,MATCH(B14,APU!J:J,0)) -> 26039.926 | G14: =IFERROR(E14*F14,0) -> 0
B15: =+B14+0.01 -> 3.02 | C15: RETIRO Y BOTADA DE CUBIERTA EN FIBROCEMENTO O ASBESTO CEMENTO en mal estado. | D15: m² | E15: {=INDEX(MEMORIAS!I:I,MATCH(ACTIVIDADES!B15,MEMORIAS!B:B,0))} -> 0 | F15: =INDEX(APU!I:I,MATCH(B15,APU!J:J,0)) -> 25382.778 | G15: =IFERROR(E15*F15,0) -> 0
B16: =+B15+0.01 -> 3.03 | C16: RETIRO Y BOTADA DE CUBIERTA EN ZINC O EN OTROS MATERIALES NO CONVENCIONALES | D16: m² | E16: {=INDEX(MEMORIAS!I:I,MATCH(ACTIVIDADES!B16,MEMORIAS!B:B,0))} -> 0 | F16: =INDEX(APU!I:I,MATCH(B16,APU!J:J,0)) -> 21513.848 | G16: =IFERROR(E16*F16,0) -> 0
B17: =+B16+0.01 -> 3.04 | C17: RETIRO Y BOTADA DE CANOAS y RUANAS. | D17: m | E17: {=INDEX(MEMORIAS!I:I,MATCH(ACTIVIDADES!B17,MEMORIAS!B:B,0))} -> 0 | F17: =INDEX(APU!I:I,MATCH(B17,APU!J:J,0)) -> 9135.9508 | G17: =IFERROR(E17*F17,0) -> 0
B18: =+B17+0.01 -> 3.05 | C18: RETIRO Y BOTADA DE BAJANTES Y/O TUBERÍA EXPUESTA en mal estado. | D18: m | E18: {=INDEX(MEMORIAS!I:I,MATCH(ACTIVIDADES!B18,MEMORIAS!B:B,0))} -> 0 | F18: =INDEX(APU!I:I,MATCH(B18,APU!J:J,0)) -> 4563.6504 | G18: =IFERROR(E18*F18,0) -> 0
B19: =+B18+0.01 -> 3.06 | C19: RETIRO Y BOTADA DE VENTANAS (marco y alas). | D19: un | E19: {=INDEX(MEMORIAS!I:I,MATCH(ACTIVIDADES!B19,MEMORIAS!B:B,0))} -> 3 | F19: =INDEX(APU!I:I,MATCH(B19,APU!J:J,0)) -> 23928.261 | G19: =IFERROR(E19*F19,0) -> 71784.782
B20: =+B19+0.01 -> 3.07 | C20: RETIRO Y DE PUERTAS (marco y ala). | D20: un | E20: {=INDEX(MEMORIAS!I:I,MATCH(ACTIVIDADES!B20,MEMORIAS!B:B,0))} -> 0 | F20: =INDEX(APU!I:I,MATCH(B20,APU!J:J,0)) -> 36468.489 | G20: =IFERROR(E20*F20,0) -> 0
B21: =+B20+0.01 -> 3.08 | C21: RETIRO Y DE LAVAMANOS en mal estado. | D21: un | E21: {=INDEX(MEMORIAS!I:I,MATCH(ACTIVIDADES!B21,MEMORIAS!B:B,0))} -> 2 | F21: =INDEX(APU!I:I,MATCH(B21,APU!J:J,0)) -> 23650.752 | G21: =IFERROR(E21*F21,0) -> 47301.504
B22: =+B21+0.01 -> 3.09 | C22: RETIRO Y DE SANITARIO en mal estado. | D22: un | E22: {=INDEX(MEMORIAS!I:I,MATCH(ACTIVIDADES!B22,MEMORIAS!B:B,0))} -> 0 | F22: =INDEX(APU!I:I,MATCH(B22,APU!J:J,0)) -> 45565.504 | G22: =IFERROR(E22*F22,0) -> 0
B23: =+B22+0.01 -> 3.1 | C23: RETIRO Y BOTADA DE RED HIDROSANITARIA EN GENERAL en mal estado. Incluye cancha de piso y/o muro, retiro de cualquier de cualquier tipo de accesorio. Hasta diámetro 1 1/2"" | D23: m | E23: {=INDEX(MEMORIAS!I:I,MATCH(ACTIVIDADES!B23,MEMORIAS!B:B,0))} -> 2 | F23: =INDEX(APU!I:I,MATCH(B23,APU!J:J,0)) -> 17806.261 | G23: =IFERROR(E23*F23,0) -> 35612.521
B24: =+B23+0.01 -> 3.11 | C24: RETIRO DE TUBERÍA ELECTRICA PVC Y/O TUBERÍA EMT, incluye cableado, grapas, cajas, aparatos (suiches, tomas, datos, luminarias, tableros, accesorios y demas elementos que lo componen), disposición final de tubería retirada, cableado y demas elementos | D24: m | E24: {=INDEX(MEMORIAS!I:I,MATCH(ACTIVIDADES!B24,MEMORIAS!B:B,0))} -> 0 | F24: =INDEX(APU!I:I,MATCH(B24,APU!J:J,0)) -> 17581.261 | G24: =IFERROR(E24*F24,0) -> 0
B25: =+B24+0.01 -> 3.12 | C25: RETIRO ESTRUCTURA METALICA HASTA 6 MTS DE LONGITUD Y 12KG/ML | D25: ml | E25: {=INDEX(MEMORIAS!I:I,MATCH(ACTIVIDADES!B25,MEMORIAS!B:B,0))} -> 0 | F25: =INDEX(APU!I:I,MATCH(B25,APU!J:J,0)) -> 17223.064 | G25: =IFERROR(E25*F25,0) -> 0
... B34: =+B33+0.01 -> 3.21 | C34: DEMOLICIÓN BANCA Y/O MESÓN EN CONCRETO. INCLUYE BOTADA DE ESCOMBROS | D34: m | E34: {=INDEX(MEMORIAS!I:I,MATCH(ACTIVIDADES!B34,MEMORIAS!B:B,0))} -> 7 | F34: =INDEX(APU!I:I,MATCH(B34,APU!J:J,0)) -> 24348.585 | G34: =IFERROR(E34*F34,0) -> 170440.09
B35: 4 | C35: MOVIMIENTOS DE TIERRA | G35: =SUM(G36:G40) -> 98423.603
B36: =+B35+0.01 -> 4.01 | C36: EXCAVACIÓN MANUAL de material heterogéneo DE 0-2 m., bajo cualquier grado de humedad. Incluye: roca descompuesta, bolas de roca de volumen inferior a 0.35 m³., el cargue, transporte interno y externo, botada de material proveniente de las excavaciones en los sitios donde lo indique la interventoría y su medida será en el sitio. | D36: m³ | E36: {=INDEX(MEMORIAS!I:I,MATCH(ACTIVIDADES!B36,MEMORIAS!B:B,0))} -> 1.28 | F36: =INDEX(APU!I:I,MATCH(B36,APU!J:J,0)) -> 76893.44 | G36: =IFERROR(E36*F36,0) -> 98423.603
B37: =+B36+0.01 -> 4.02 | C37: EXPLANACIÓN Y NIVELACIÓN del terreno manualmente, bajo cualquier grado de humedad, incluye corte de taludes y terraceos requeridos según planos y/o definidos por la interventoría. Medido in situ. No Incluye cargue, transporte y botada. | D37: m3 | E37: {=INDEX(MEMORIAS!I:I,MATCH(ACTIVIDADES!B37,MEMORIAS!B:B,0))} -> 0 | F37: =INDEX(APU!I:I,MATCH(B37,APU!J:J,0)) -> 13696.72 | G37: =IFERROR(E37*F37,0) -> 0
B38: =+B37+0.01 -> 4.03 | C38: LLENOS EN MATERIAL PROVENIENTES DE LA EXCAVACIÓN, compactados manualmente hasta obtener una densidad del 95%, aprobada por Interventoría. Incluye transporte interno. Su medida será en sitio ya compactado. | D38: m3 | E38: {=INDEX(MEMORIAS!I:I,MATCH(ACTIVIDADES!B38,MEMORIAS!B:B,0))} -> 0 | F38: =INDEX(APU!I:I,MATCH(B38,APU!J:J,0)) -> 21191.152 | G38: =IFERROR(E38*F38,0) -> 0
B39: =+B38+0.01 -> 4.04 | C39: LLENOS EN ARENILLA, compactados manualmente en capas de 5 a 10 cms hasta obtener uan densidad del 95%. Incluye el suministro, transporte, colocación de la arenilla, la compactación de la misma y transporte interno. Y su medida será en sitio ya compactado. | D39: m³ | E39: {=INDEX(MEMORIAS!I:I,MATCH(ACTIVIDADES!B39,MEMORIAS!B:B,0))} -> 0 | F39: =INDEX(APU!I:I,MATCH(B39,APU!J:J,0)) -> 107767.63 | G39: =IFERROR(E39*F39,0) -> 0
B40: =+B39+0.01 -> 4.05 | C40: Suministro, transporte y colocación de ENTRESUELO MAS RECEBO con un espesor de 20 cm; conformado con piedra de entresuelo de 15 cm y recebo en arenilla espesor 5 cm; incluye nivelación, compactación y todos los demás elementos necesarios para su correcta colocación. | D40: m² | E40: {=INDEX(MEMORIAS!I:I,MATCH(ACTIVIDADES!B40,MEMORIAS!B:B,0))} -> 0 | F40: =INDEX(APU!I:I,MATCH(B40,APU!J:J,0)) -> 74815.989 | G40: =IFERROR(E40*F40,0) -> 0
B41: 5 | C41: CONCRETOS | G41: =SUM(G42:G53) -> 948003.23
B42: =+B41+0.01 -> 5.01 | C42: Colocación de concreto de 14 Mpa para SOLADO, con un espesor de 0.05 m. Incluye el suministro y el transporte del concreto y todos los demás elementos necesarios para su correcta construcción, incluye acarreo interno. | D42: m² | E42: {=INDEX(MEMORIAS!I:I,MATCH(ACTIVIDADES!B42,MEMORIAS!B:B,0))} -> 0 | F42: =INDEX(APU!I:I,MATCH(B42,APU!J:J,0)) -> 43540.66 | G42: =IFERROR(E42*F42,0) -> 0
B43: =+B42+0.01 -> 5.02 | C43: Colocación de concreto de 21 Mpa para PILOTES Ø= 30cm. HASTA 80 cms. de profundidad. Incluye suministro y el transporte del concreto, mano de obra, vibrado, protección y curado, para estructuras de acuerdo con las diferentes dimensiones establecidas en los planos y diseños. No incluye refuerzo. | D43: m³ | E43: {=INDEX(MEMORIAS!I:I,MATCH(ACTIVIDADES!B43,MEMORIAS!B:B,0))} -> 0 | F43: =INDEX(APU!I:I,MATCH(B43,APU!J:J,0)) -> 168548.63 | G43: =IFERROR(E43*F43,0) -> 0
B44: =+B43+0.01 -> 5.03 | C44: Colocación de concreto de 21 Mpa para MICROPILOTES Ø= 15cm. HASTA 80 cms. de profundidad. Incluye suministro y el transporte del concreto, mano de obra, vibrado, protección y curado, para estructuras de acuerdo con las diferentes dimensiones establecidas en los planos y diseños. No incluye refuerzo. | D44: m | E44: {=INDEX(MEMORIAS!I:I,MATCH(ACTIVIDADES!B44,MEMORIAS!B:B,0))} -> 0 | F44: =INDEX(APU!I:I,MATCH(B44,APU!J:J,0)) -> 24163.28 | G44: =IFERROR(E44*F44,0) -> 0
B45: =+B44+0.01 -> 5.04 | C45: Recintes en CONCRETO CICLÓPEO para reemplazos en terrenos socavados. | D45: m³ | E45: {=INDEX(MEMORIAS!I:I,MATCH(ACTIVIDADES!B45,MEMORIAS!B:B,0))} -> 0 | F45: =INDEX(APU!I:I,MATCH(B45,APU!J:J,0)) -> 551775.46 | G45: =IFERROR(E45*F45,0) -> 0
B46: =+B45+0.01 -> 5.05 | C46: Suministro e instalación de concreto de VIGAS DE CIMENTACIÓN resistencia f'c = 21 MPa (3.000 psi.). Con impermeabilizante integral tipo Plastocrete Dm o equivalente. Incluye el suministro del concreto, mano de obra, vibrado, protección y curado, para estructuras de acuerdo con las diferentes dimensiones establecidas en los planos y diseños. incluye acarreo interno. No incluye refuerzo. | D46: m³ | E46: {=INDEX(MEMORIAS!I:I,MATCH(ACTIVIDADES!B46,MEMORIAS!B:B,0))} -> 0 | F46: =INDEX(APU!I:I,MATCH(B46,APU!J:J,0)) -> 847209.95 | G46: =IFERROR(E46*F46,0) -> 0
B47: =+B46+0.01 -> 5.06 | C47: Suministro e instalación de concreto de VIGAS DE AMARRE resistencia f'c = 21 MPa (3.000 psi.). Con impermeabilizante integral tipo Plastocrete Dm o equivalente. Incluye el suministro del concreto, mano de obra, vibrado, protección y curado, para estructuras de acuerdo con las diferentes dimensiones establecidas en los planos y diseños. incluye acarreo interno. No incluye refuerzo. | D47: m³ | E47: {=INDEX(MEMORIAS!I:I,MATCH(ACTIVIDADES!B47,MEMORIAS!B:B,0))} -> 0 | F47: =INDEX(APU!I:I,MATCH(B47,APU!J:J,0)) -> 847306.66 | G47: =IFERROR(E47*F47,0) -> 0
B48: =+B47+0.01 -> 5.07 | C48: Construcción de GRADERÍAS SOBRE TIERRA en concreto de 21 Mpa. a la vista, con un desarrollo de 1.35 m (contra huella de 0.50 m y huella de 0.85 m). Incluye suministro, transporte y colocación del concreto, mano de obra, formaleta, chaflán en contrahuellas, vibrado, protección, malla electrosoldada D-106, curado, nivelación, conformación y compactación del terreno y todo lo requerido para su correcta construcción. Según diseño. El acero de refuerzo se paga en su respectivo ítem, el entresuelo de ser necesario se pagara en su ítem respectivo. | D48: m | E48: {=INDEX(MEMORIAS!I:I,MATCH(ACTIVIDADES!B48,MEMORIAS!B:B,0))} -> 0 | F48: =INDEX(APU!I:I,MATCH(B48,APU!J:J,0)) -> 311477.31 | G48: =IFERROR(E48*F48,0) -> 0
B49: =+B48+0.01 -> 5.08 | C49: Construcción de CUNETA EN "V" en concreto de 21 Mpa., DESARROLLO DE 0.75 m., ESPESOR DE 0.10 m. Incluye suministro, transporte y colocación del concreto, entresuelo 15 cm de piedra y 5 cm de arenilla y todos lo demás elementos necesario para su correcta construcción. | D49: m | E49: {=INDEX(MEMORIAS!I:I,MATCH(ACTIVIDADES!B49,MEMORIAS!B:B,0))} -> 0 | F49: =INDEX(APU!I:I,MATCH(B49,APU!J:J,0)) -> 95757.26 | G49: =IFERROR(E49*F49,0) -> 0
B50: =+B49+0.01 -> 5.09 | C50: Construcción de CAJA DE INSPECCIÓN Y/O EMPALME de 40x40x40 cm en concreto de 17.5Mpa, medidas internas (L=40cm). Incluye suministro, transporte e instalación de los materiales, tapa y herraje y todos los elementos necesarios para su correcta construcción y funcionamiento. Según normas técnicas de EEPP de Medellín. La excavación, llenos, entresuelo y acero de refuerzo se pagarán en su ítem respectivo. | D50: un | E50: {=INDEX(MEMORIAS!I:I,MATCH(ACTIVIDADES!B50,MEMORIAS!B:B,0))} -> 2 | F50: =INDEX(APU!I:I,MATCH(B50,APU!J:J,0)) -> 474001.62 | G50: =IFERROR(E50*F50,0) -> 948003.23
B51: =+B50+0.01 -> 5.1 | C51: Columna de 30cmx30cm | D51: m3 | E51: {=INDEX(MEMORIAS!I:I,MATCH(ACTIVIDADES!B51,MEMORIAS!B:B,0))} -> 0 | F51: =INDEX(APU!I:I,MATCH(B51,APU!J:J,0)) -> 179811.15 | G51: =IFERROR(E51*F51,0) -> 0
B52: =+B51+0.01 -> 5.11 | C52: Viga de fundación en concreto ciclópeo 40% piedra y concreto de 21Mpa al 60% de 40cm x 30cm, incluye acero de refuerzo y todo lo necesario para su correcta construcción. Según diseño. | D52: ml | E52: {=INDEX(MEMORIAS!I:I,MATCH(ACTIVIDADES!B52,MEMORIAS!B:B,0))} -> 0 | F52: =INDEX(APU!I:I,MATCH(B52,APU!J:J,0)) -> 70501.726 | G52: =IFERROR(E52*F52,0) -> 0
B53: =+B52+0.01 -> 5.12 | C53: Construcción de CÁRCAMO en concreto de 21 Mpa., con un ANCHO DE 0.30 m libres, ALTURA MÁXIMA DE 0.60 m libre, PAREDES Y PISOS DE 0.10 m de espesor, tapa para cárcamo de 0.40 m * 0.50 m reforzada. Incluye suministro y colocación del concreto, acero de refuerzo según diseño (acero transversal varilla de 3/8" L = 0.85 cada 0.30 m y acero longitudinal 6 varillas de 1/4") y todo lo necesario para su correcta construcción y funcionamiento. Según diseño. La excavación se pagará en su ítem respectivo. | D53: ml | E53: {=INDEX(MEMORIAS!I:I,MATCH(ACTIVIDADES!B53,MEMORIAS!B:B,0))} -> 0 | F53: =INDEX(APU!I:I,MATCH(B53,APU!J:J,0)) -> 679886.66 | G53: =IFERROR(E53*F53,0) -> 0
B54: 6 | C54: ACERO DE REFUERZO | G54: =SUM(G55:G56) -> 1805921.7
B55: =+B54+0.01 -> 6.01 | C55: Suministro, transporte e instalación de ACERO DE REFUERZO FIGURADO FY= 420 Mpa-60000 PSI, corrugado. Incluye transporte con descarga, transporte interno, alambre de amarre, certificados y todos los elementos necesarios para su correcta instalación, según diseño y recomendaciones estructurales. | D55: kg | E55: {=INDEX(MEMORIAS!I:I,MATCH(ACTIVIDADES!B55,MEMORIAS!B:B,0))} -> 0 | F55: =INDEX(APU!I:I,MATCH(B55,APU!J:J,0)) -> 9881.6463 | G55: =IFERROR(E55*F55,0) -> 0
B56: =+B55+0.01 -> 6.02 | C56: Colocación de MALLA ELECTROSOLDADA TIPO D 84. Incluye el suministro y el transporte del material y todos los elementos necesarios para su correcta colocación. | D56: m² | E56: {=INDEX(MEMORIAS!I:I,MATCH(ACTIVIDADES!B56,MEMORIAS!B:B,0))} -> 131.26 | F56: =INDEX(APU!I:I,MATCH(B56,APU!J:J,0)) -> 13758.355 | G56: =IFERROR(E56*F56,0) -> 1805921.7
B57: 7 | C57: IMPERMEABILIZACIONES | G57: =SUM(G58:G60) -> 946741.64
B58: =+B57+0.01 -> 7.01 | C58: Suministro e instalacion de MANTO ASFÁLTICO DE 3MM con foil autoadhesivo x 0,30 mts para impermeabilización de cubiertas como ruanas. Incluye todo lo necesario para su correcta instalación. | D58: m | E58: {=INDEX(MEMORIAS!I:I,MATCH(ACTIVIDADES!B58,MEMORIAS!B:B,0))} -> 0 | F58: =INDEX(APU!I:I,MATCH(B58,APU!J:J,0)) -> 54817.902 | G58: =IFERROR(E58*F58,0) -> 0
B59: =+B58+0.01 -> 7.02 | C59: Suministro e instalación de IMPERMEABILIZACIÓN DE MURO igol denso de sika o similar. Incluye: igol imprimante y plastico ( polietilenonegro calibre 5 ). | D59: m² | E59: {=INDEX(MEMORIAS!I:I,MATCH(ACTIVIDADES!B59,MEMORIAS!B:B,0))} -> 9.6 | F59: =INDEX(APU!I:I,MATCH(B59,APU!J:J,0)) -> 98618.921 | G59: =IFERROR(E59*F59,0) -> 946741.64
B60: =+B59+0.01 -> 7.03 | C60: Suministro e impermeabilización de losa en concreto expuesta a la intemperie, con sistema manto bicapa acabado granulado (manto asfalto modificado refuerzo Poliester + Sufridor 2+3 mm). Incluye preparación de la superficie y todos los demás elementos necesarios para su correcta aplicación. La aplicación técnica se debe hacer siguiendo todas las instrucciones y recomendaciones del fabricante. El personal que realice la aplicación del recubrimiento debe estar certificado por el fabricante. | D60: m² | E60: {=INDEX(MEMORIAS!I:I,MATCH(ACTIVIDADES!B60,MEMORIAS!B:B,0))} -> 0 | F60: =INDEX(APU!I:I,MATCH(B60,APU!J:J,0)) -> 75738.082 | G60: =IFERROR(E60*F60,0) -> 0
B61: 8 | C61: PISOS EN CONCRETO | G61: =SUM(G62:G66) -> 16234701
B62: =+B61+0.01 -> 8.01 | C62: Construcción de FILTRO en material geotextil NT1800 de pavco o similar, el relleno en material granular, la colocación y apisonamiento del sello en material arcilloso, tubería perforada PVC 4" | D62: m | E62: {=INDEX(MEMORIAS!I:I,MATCH(ACTIVIDADES!B62,MEMORIAS!B:B,0))} -> 0 | F62: =INDEX(APU!I:I,MATCH(B62,APU!J:J,0)) -> 241130.49 | G62: =IFERROR(E62*F62,0) -> 0
B63: =+B62+0.01 -> 8.02 | C63: Suministro e instalación de PLACA DE CONTRAPISO LLANEADA MECÁNICAMENTE en concreto resistencia f'c = 21 MPa (3.000 psi.) No incluye refuerzo | D63: m² | E63: {=INDEX(MEMORIAS!I:I,MATCH(ACTIVIDADES!B63,MEMORIAS!B:B,0))} -> 131.26 | F63: =INDEX(APU!I:I,MATCH(B63,APU!J:J,0)) -> 123683.54 | G63: =IFERROR(E63*F63,0) -> 16234701
B64: =+B63+0.01 -> 8.03 | C64: Construcción de JUNTA DE DILATACIÓN PARA PISO, Incluye sellador elástico de poliuretano tipo sikaflex 1CSL o equivalente hasta una profundidad de 5mm y relleno en su parte inferior con Sikarod o equivalente, corte de piso a máquina de disco a una profundidad de 50 mm y 5 mm de espesor, limpieza de la junta, colocación de cintas de enmascarar, instalación de sikaflex 1CSL y todo lo necesario para su correcta instalación y funcionamiento según recomendaciones del proveedor. | D64: m | E64: {=INDEX(MEMORIAS!I:I,MATCH(ACTIVIDADES!B64,MEMORIAS!B:B,0))} -> 0 | F64: =INDEX(APU!I:I,MATCH(B64,APU!J:J,0)) -> 14338.006 | G64: =IFERROR(E64*F64,0) -> 0
B65: =+B64+0.01 -> 8.04 | C65: Suministro, transporte y aplicación de MORTERO DE REPARACIÓN PARA PISO EN CONCRETO, Incluye preparación de la superficie, limpieza y adherente tipo Sikadur 32 o similar, y acabado llaneado. | D65: m2 | E65: {=INDEX(MEMORIAS!I:I,MATCH(ACTIVIDADES!B65,MEMORIAS!B:B,0))} -> 0 | F65: =INDEX(APU!I:I,MATCH(B65,APU!J:J,0)) -> 142008.77 | G65: =IFERROR(E65*F65,0) -> 0
B66: =+B65+0.01 -> 8.05 | C66: MORTERO ESTRUCTURAL PARA REPARACION DE BORDE DE PLACAS DE CONCRETO para espesores superiores entre 5-10mm y anchos de 10 cm, con tixotrópico tipo R3 que cumple norma EN 1504-3, fibrorreforzado, de granulometría fina y fraguado normal, de retracción compensada, con resistencia a la compresión superior a 4000PSI. Incluye adecuación del area a intervenir, corte de piso y/o pavimento, suministro, transporte y mano de obra requerida para la adecuada ejecución de la actividad. | D66: m | E66: {=INDEX(MEMORIAS!I:I,MATCH(ACTIVIDADES!B66,MEMORIAS!B:B,0))} -> 0 | F66: =INDEX(APU!I:I,MATCH(B66,APU!J:J,0)) -> 50182.116 | G66: =IFERROR(E66*F66,0) -> 0
B67: 9 | C67: MAMPOSTERIA | G67: =SUM(G68:G73) -> 0
B68: =+B67+0.01 -> 9.01 | C68: Construcción de SOBRECIMIENTO EN BLOQUE DE CONCRETO DE 15 x 20 x 40 cm. ESPESOR DE 15 cm - IMPERMEABILIZADO POR AMBAS CARAS CON IGOL (bloque de primera calidad, 2 HILADAS). Incluye el suministro y el transporte de materiales, mortero de pega 1:4, relleno en concreto fluido de 10.5 Mpa en todas las celdas, 1 capa de igol imprimante de Sika o equivalente, 2 capas de igol denso de Sika o equivalente, polietileno, todos los anteriores, aplicados en las caras laterales, y en la base de la cimentación, y todos los elementos necesarios para su correcta ejecución y funcionamiento. | D68: m | E68: {=INDEX(MEMORIAS!I:I,MATCH(ACTIVIDADES!B68,MEMORIAS!B:B,0))} -> 0 | F68: =INDEX(APU!I:I,MATCH(B68,APU!J:J,0)) -> 132237.4 | G68: =IFERROR(E68*F68,0) -> 0
B69: =+B68+0.01 -> 9.02 | C69: MURO EN BLOQUE de concreto tres hiladas 20x20x40, con dobelas en concreto cada 60 cms, con varilla de refuerzo 3/8 60000 PSI, NO INCLUYE REFUERZO | D69: m | E69: {=INDEX(MEMORIAS!I:I,MATCH(ACTIVIDADES!B69,MEMORIAS!B:B,0))} -> 0 | F69: =INDEX(APU!I:I,MATCH(B69,APU!J:J,0)) -> 67370.24 | G69: =IFERROR(E69*F69,0) -> 0
B70: =+B69+0.01 -> 9.03 | C70: Construcción muros de MAMPOSTERÍA EN LADRILLO 0.10*0.20*0.40 M, para revocar. Cumpliendo con norma NTC 4205. Incluye mortero de pega 1:4, trabas, dovelas,machones, cuchillas, buitrones (para bajantes de redes en general), remates de enrases, de aristas con esquineros de fabrica, encorozados, aticos y chapas necesarias por detalles de construcción que se ejecuten en el mismo material que se esta midiendo.Todos los cortes seran realizados a maquina. (Según norma Icontec 451, 296 y la Astm C-652 y C-34), | D70: m² | E70: {=INDEX(MEMORIAS!I:I,MATCH(ACTIVIDADES!B70,MEMORIAS!B:B,0))} -> 0 | F70: =INDEX(APU!I:I,MATCH(B70,APU!J:J,0)) -> 70627.217 | G70: =IFERROR(E70*F70,0) -> 0
B71: =+B70+0.01 -> 9.04 | C71: Construcción muros de MAMPOSTERÍA EN LADRILLO 0.15*0.20*0.40 M, para revocar. Cumpliendo con norma NTC 4205. Incluye mortero de pega 1:4, trabas, dovelas,machones, cuchillas, buitrones (para bajantes de redes en general), remates de enrases, de aristas con esquineros de fabrica, encorozados, aticos y chapas necesarias por detalles de construcción que se ejecuten en el mismo material que se esta midiendo.Todos los cortes seran realizados a maquina. (Según norma Icontec 451, 296 y la Astm C-652 y C-34), | D71: m² | E71: {=INDEX(MEMORIAS!I:I,MATCH(ACTIVIDADES!B71,MEMORIAS!B:B,0))} -> 0 | F71: =INDEX(APU!I:I,MATCH(B71,APU!J:J,0)) -> 96818.349 | G71: =IFERROR(E71*F71,0) -> 0
B72: =+B71+0.01 -> 9.05 | C72: Construcción de SILLAR EN CONCRETO DE 21 MPA, incluye corte de piezas, formaleta y todo lo necesario para su correcta instalación. No incluye refuerzo. | D72: m | E72: {=INDEX(MEMORIAS!I:I,MATCH(ACTIVIDADES!B72,MEMORIAS!B:B,0))} -> 0 | F72: =INDEX(APU!I:I,MATCH(B72,APU!J:J,0)) -> 52342.009 | G72: =IFERROR(E72*F72,0) -> 0
B73: =+B72+0.01 -> 9.06 | C73: Construcción de DINTEL EN CONCRETO DE 21 MPA, Incluye corte de piezas, formaleta y todo lo necesario para su correcta instalación. No incluye refuerzo ni anclajes. | D73: m | E73: {=INDEX(MEMORIAS!I:I,MATCH(ACTIVIDADES!B73,MEMORIAS!B:B,0))} -> 0 | F73: =INDEX(APU!I:I,MATCH(B73,APU!J:J,0)) -> 67870.071 | G73: =IFERROR(E73*F73,0) -> 0
B74: 10 | C74: CUBIERTA | G74: =SUM(G75:G86) -> 19595685
B75: =+B74+0.01 -> 10.01 | C75: Construcción y montaje de ESTRUCTURA METÁLICA, en PERFILERIA TIPO IPE, HEA, PHR-C, PTE, W, C para elementos de cubierta, rampas o áreas de circulación metálicas, soporte de fachadas, tensores, vigas de apoyo, entre otros, según diseño. Incluye: suministro de perfiles, láminas, platinas, uniones, soldaduras de acabado o presentación, anclajes y pernos a estructura de concreto y madera, cortes, doblajes. Todos los elementos deben llevar dos manos minimo de pintura anticorrosiva cromato de zinc (2) dos manos minimo de esmalte acrilico de 50 micrones (2) dos manos, color por definir, ensayos a soldaduras, anticorrosivos y pinturas, obra falsa y todo el equipo y la herramienta necesaria para el montaje. | D75: kg | E75: {=INDEX(MEMORIAS!I:I,MATCH(ACTIVIDADES!B75,MEMORIAS!B:B,0))} -> 676.2 | F75: =INDEX(APU!I:I,MATCH(B75,APU!J:J,0)) -> 22588.969 | G75: =IFERROR(E75*F75,0) -> 15274661
B76: =+B75+0.01 -> 10.02 | C76: Construccón de cubierta en TEJA DE BARRO. Incluye caballete, cargueras, alfardas en madera para estructuras y tablilla en pino cipres. Incluye manto, inmunizante y pintura esmalte. No incluye ruanas, canoas ni bajantes. | D76: m² | E76: {=INDEX(MEMORIAS!I:I,MATCH(ACTIVIDADES!B76,MEMORIAS!B:B,0))} -> 0 | F76: =INDEX(APU!I:I,MATCH(B76,APU!J:J,0)) -> 287490.62 | G76: =IFERROR(E76*F76,0) -> 0
B77: =+B76+0.01 -> 10.03 | C77: Construccón de ESTRUCTURA DE MADERA PARA TEJA DE BARRO. Incluye caballete, cargueras, alfardas en madera para estructuras. | D77: m² | E77: {=INDEX(MEMORIAS!I:I,MATCH(ACTIVIDADES!B77,MEMORIAS!B:B,0))} -> 0 | F77: =INDEX(APU!I:I,MATCH(B77,APU!J:J,0)) -> 208393.27 | G77: =IFERROR(E77*F77,0) -> 0
B78: =+B77+0.01 -> 10.04 | C78: Suministro e instalación de TEJA DE BARRO. Incluye mortero. No incluye manto. | D78: m² | E78: {=INDEX(MEMORIAS!I:I,MATCH(ACTIVIDADES!B78,MEMORIAS!B:B,0))} -> 0 | F78: =INDEX(APU!I:I,MATCH(B78,APU!J:J,0)) -> 77729.858 | G78: =IFERROR(E78*F78,0) -> 0
B79: =+B78+0.01 -> 10.05 | C79: Suministro e instalación de Tablilla para techo, incluye manto | D79: m² | E79: {=INDEX(MEMORIAS!I:I,MATCH(ACTIVIDADES!B79,MEMORIAS!B:B,0))} -> 0 | F79: =INDEX(APU!I:I,MATCH(B79,APU!J:J,0)) -> 92548.553 | G79: =IFERROR(E79*F79,0) -> 0
B80: =+B79+0.01 -> 10.06 | C80: Suministro e instalación de TEJA UPVC espesor de 2.5mm. No incluye caballete,. | D80: m² | E80: {=INDEX(MEMORIAS!I:I,MATCH(ACTIVIDADES!B80,MEMORIAS!B:B,0))} -> 33.81 | F80: =INDEX(APU!I:I,MATCH(B80,APU!J:J,0)) -> 86168.082 | G80: =IFERROR(E80*F80,0) -> 2913342.8
B81: =+B80+0.01 -> 10.07 | C81: Suministro e instalación de CABALLETE PARTA TEJA UPVC, compuesta por un alma en fibra de carbono y recubrimiento en UPVC blanco de 2.5mm de espesor. Incluye tornillo autoperforante de cabeza hexagonal y arandela de neopreno, clip fijador metálico, dilatador térmico en caucho EPDM. | D81: m | E81: {=INDEX(MEMORIAS!I:I,MATCH(ACTIVIDADES!B81,MEMORIAS!B:B,0))} -> 0 | F81: =INDEX(APU!I:I,MATCH(B81,APU!J:J,0)) -> 92386.682 | G81: =IFERROR(E81*F81,0) -> 0
B82: =+B81+0.01 -> 10.08 | C82: Suministro, transporte e instalación de cubierta en teja fibrocemento o equivalente. Incluye caballete, tornilleria, clip de fijacion, larguero y todos los demás elementos necesarios para su correcta fabricación e instalación. Según Diseño. | D82: m² | E82: {=INDEX(MEMORIAS!I:I,MATCH(ACTIVIDADES!B82,MEMORIAS!B:B,0))} -> 0 | F82: =INDEX(APU!I:I,MATCH(B82,APU!J:J,0)) -> 80448.834 | G82: =IFERROR(E82*F82,0) -> 0
C83: Ruanas y canoas
B84: =+B82+0.01 -> 10.09 | C84: Suministro e instalación de CANOA EN LÁMINA GALVANIZADA CALIBRE 20, DLLO HASTA 1.00M. Incluye embudo galvanizado calibre 16 , pintura anticorrosiva, esmalte base aceite y todos los elementos necesarios para su correcta instalación. Se deberá colocar una buena base de apoyo de la canoa en toda su longitud. | D84: m | E84: {=INDEX(MEMORIAS!I:I,MATCH(ACTIVIDADES!B84,MEMORIAS!B:B,0))} -> 6.8 | F84: =INDEX(APU!I:I,MATCH(B84,APU!J:J,0)) -> 105194.98 | G84: =IFERROR(E84*F84,0) -> 715325.88
B85: =+B84+0.01 -> 10.1 | C85: Suministro e instalación de RUANA EN LÁMINA GALVANIZADA CALIBRE 22., desarrollo 40 cm. Incluye canchada de muro, faja de revoque impermeabilizada, con filete., pintura anticorrosiva y a base de aceite, pestaña de 5 cm, y todos los elementos necesarios para su correcta construcción. | D85: m | E85: {=INDEX(MEMORIAS!I:I,MATCH(ACTIVIDADES!B85,MEMORIAS!B:B,0))} -> 6.9 | F85: =INDEX(APU!I:I,MATCH(B85,APU!J:J,0)) -> 100341.39 | G85: =IFERROR(E85*F85,0) -> 692355.6
B86: =+B85+0.01 -> 10.11 | C86: MANTENIMIENTO EN CANOAS Y RUANAS en lámina, limpieza, retiro de basuras, aplicación de anticorrosivo y pintura. | D86: m | E86: {=INDEX(MEMORIAS!I:I,MATCH(ACTIVIDADES!B86,MEMORIAS!B:B,0))} -> 0 | F86: =INDEX(APU!I:I,MATCH(B86,APU!J:J,0)) -> 17148.251 | G86: =IFERROR(E86*F86,0) -> 0
B87: 11 | C87: CARPINTERÍA METÁLICA y MADERA | G87: =SUM(G89:G107) -> 60237212
C88: PUERTAS METALICAS
B89: =+B87+0.01 -> 11.01 | C89: Suministro y colocación de puerta reja metálica corrediza de 1,80 x 3.00 m. Incluye riel guía inferior y superior, rodachines, perfil metálico recibidor en U pesado y todos los demás elementos necesarios para su correcta instalación y funcionamiento. | D89: un | E89: {=INDEX(MEMORIAS!I:I,MATCH(ACTIVIDADES!B89,MEMORIAS!B:B,0))} -> 0 | F89: =INDEX(APU!I:I,MATCH(B89,APU!J:J,0)) -> 326789.27 | G89: =IFERROR(E89*F89,0) -> 0
B90: =+B89+0.01 -> 11.02 | C90: Suministro y colocación de puerta batiente en lámina galvanizada de 0.70 x 2.70 m., montante con una altura de 0.60 m., calibre 18, (marco, ala y montante), entamborada las dos caras, lisa. Incluye en celosía fija en lámina galvanizada calibre 18, bastidores para el ala y el montante en tubería en PTS de 30 x 30 x3 mm., wash primer, pintura anticorrosiva y acabado con esmalte semibrillante y demás elementos necesarios para su correcta instalación y funcionamiento. | D90: un | E90: {=INDEX(MEMORIAS!I:I,MATCH(ACTIVIDADES!B90,MEMORIAS!B:B,0))} -> 0 | F90: =INDEX(APU!I:I,MATCH(B90,APU!J:J,0)) -> 757298.88 | G90: =IFERROR(E90*F90,0) -> 0
B91: =+B90+0.01 -> 11.03 | C91: Suministro y colocación de puerta batiente en lámina galvanizada de 0,80 x 2,70 m., montante con una altura de 0,60m., calibre 18, (marco, ala y montante), entamborada las dos caras, lisa, aligerada con poliuretano expandido con un espesor de 0.03m., para aislamiento acústico. Incluye en celosía fija en lámina galvanizada calibre 18, bastidores para el ala y el montante en tubería en PTS de 30 x 30 x3 mm., wash primer, pintura anticorrosiva y acabado con esmalte semibrillante y demás elementos necesarios para su correcta instalación y funcionamiento | D91: un | E91: {=INDEX(MEMORIAS!I:I,MATCH(ACTIVIDADES!B91,MEMORIAS!B:B,0))} -> 1 | F91: =INDEX(APU!I:I,MATCH(B91,APU!J:J,0)) -> 857298.88 | G91: =IFERROR(E91*F91,0) -> 857298.88
B92: =+B91+0.01 -> 11.04 | C92: Suministro y colocación de puerta batiente en lámina galvanizada, montante con una altura de 0.60m., en celosía fija en lámina galvanizada calibre 18, bastidores para el ala y el montante en tubería en PTS de 30 x 30 x3 mm, calibre 18 (marco, ala y montante), entamborada las dos caras, lisa, wash primer, pintura anticorrosiva y acabado con esmalte semibrillante y demás elementos necesarios para su correcta instalación y funcionamiento. | D92: m² | E92: {=INDEX(MEMORIAS!I:I,MATCH(ACTIVIDADES!B92,MEMORIAS!B:B,0))} -> 2.7 | F92: =INDEX(APU!I:I,MATCH(B92,APU!J:J,0)) -> 390981.95 | G92: =IFERROR(E92*F92,0) -> 1055651.3
B93: =+B92+0.01 -> 11.05 | C93: Suministro e instalación de PUERTA EN ACERO INOXIDABLE AISI 304 para baños, calibre 20 acabado satinado. Incluye: paral estructural de soporte, tapaluz, pasador y chapetas de fijación. Todo en sistema calidad Socoda o equivalente. | D93: m² | E93: {=INDEX(MEMORIAS!I:I,MATCH(ACTIVIDADES!B93,MEMORIAS!B:B,0))} -> 0 | F93: =INDEX(APU!I:I,MATCH(B93,APU!J:J,0)) -> 787818.24 | G93: =IFERROR(E93*F93,0) -> 0
B94: =+B93+0.01 -> 11.06 | C94: Suministro e instalación de cortina metálica enrrollable en lámina calibre 22 (flejes de 6 cm) incluye: tapa rollo en lámina calibre 18, canales calibre 14, porta candados, pintura anticorrosiva y a base de aceite además todos los elementos necesarios para su correcto funcionamiento. | D94: m² | E94: {=INDEX(MEMORIAS!I:I,MATCH(ACTIVIDADES!B94,MEMORIAS!B:B,0))} -> 0 | F94: =INDEX(APU!I:I,MATCH(B94,APU!J:J,0)) -> 475242.62 | G94: =IFERROR(E94*F94,0) -> 0
B95: =+B94+0.01 -> 11.07 | C95: Mantenimiento de reja o puerta metalica, incluye, elementos metalicos, pivotes, cerradura, chapa, manija, pintura y todos los elementos necesarios para su correcto funcionamiento y detallado. | D95: m² | E95: {=INDEX(MEMORIAS!I:I,MATCH(ACTIVIDADES!B95,MEMORIAS!B:B,0))} -> 0 | F95: =INDEX(APU!I:I,MATCH(B95,APU!J:J,0)) -> 294019.19 | G95: =IFERROR(E95*F95,0) -> 0
C96: VENTANAS METALICAS
B97: =+B95+0.01 -> 11.08 | C97: Suministro e instalación de VENTANA CORREDIZA DOS CUERPOS EN ALUMINIO color a definir. Un cuerpo fijo y uno móvil en vidrio laminado 6mm; marco en aluminio color a definir, manija y cerraduras metálicas, alfajía hacia muro exterior si se requiere, en aluminio y todos los elementos necesarios para su correcta instalación y funcionamiento. Incluye empaques de caucho en "U", pisavidrios a presión, felpa, sellado del marco (interior y exterior) fondo de junta con espuma de poliolefina tipo sikarod o equivalente de Ø= 6 mm. y acabado de junta con masilla elástica de poliuretano tipo sikaflex-1a o equivalente y todos los elementos necesarios para su correcta fabricación, instalación y funcionamiento. | D97: m² | E97: {=INDEX(MEMORIAS!I:I,MATCH(ACTIVIDADES!B97,MEMORIAS!B:B,0))} -> 6.2256 | F97: =INDEX(APU!I:I,MATCH(B97,APU!J:J,0)) -> 379047.34 | G97: =IFERROR(E97*F97,0) -> 2359797.1
B98: =+B97+0.01 -> 11.09 | C98: Suministro e instalación de VENTANA CELOSIA FIJA Y VIDRIOS FIJO UN CUERPO EN ALUMINIO color a definir. Un cuerpo fijo y uno móvil en vidrio laminado 6mm; marco en aluminio color a definir, manija y cerraduras metálicas, alfajía hacia muro exterior si se requiere, en aluminio y todos los elementos necesarios para su correcta instalación y funcionamiento. Incluye empaques de caucho en "U", pisavidrios a presión, felpa, sellado del marco (interior y exterior) fondo de junta con espuma de poliolefina tipo sikarod o equivalente de Ø= 6 mm. y acabado de junta con masilla elástica de poliuretano tipo sikaflex-1a o equivalente y todos los elementos necesarios para su correcta fabricación, instalación y funcionamiento. | D98: m2 | E98: {=INDEX(MEMORIAS!I:I,MATCH(ACTIVIDADES!B98,MEMORIAS!B:B,0))} -> 11.4 | F98: =INDEX(APU!I:I,MATCH(B98,APU!J:J,0)) -> 488159.34 | G98: =IFERROR(E98*F98,0) -> 5565016.5
B99: =+B98+0.01 -> 11.1 | C99: Reja para ventana en hierro | D99: m2 | E99: {=INDEX(MEMORIAS!I:I,MATCH(ACTIVIDADES!B99,MEMORIAS!B:B,0))} -> 0 | F99: =INDEX(APU!I:I,MATCH(B99,APU!J:J,0)) -> 127151.43 | G99: =IFERROR(E99*F99,0) -> 0
B100: =+B99+0.01 -> 11.11 | C100: Mantenimiento de ventana o puerta vidriera compuesta multiples cuerpos, se incluye empaques-pisavidrio de caucho en "U", cerraduras seguro chapa, rodachines, sellado del marco con SikaFlex 1A o equivalente (interior y exterior) fondo de junta con espuma de poliolefina tipo sikarod o equivalente de Ø= 6 mm. y acabado de junta con masilla elástica de poliuretano tipo sikaflex-1a o equivalente y todos los elementos necesarios para su correcta fabricación, instalación y funcionamiento. | D100: m2 | E100: {=INDEX(MEMORIAS!I:I,MATCH(ACTIVIDADES!B100,MEMORIAS!B:B,0))} -> 0 | F100: =INDEX(APU!I:I,MATCH(B100,APU!J:J,0)) -> 320451.96 | G100: =IFERROR(E100*F100,0) -> 0
B101: =+B100+0.01 -> 11.12 | C101: Mosquitera fija de 50 cm de anchura y 80 cm de altura, formada por marco de perfiles de aluminio lacado, tela de hilos de poliéster, accesorios y complementos, colocada con fijaciones mecánicas en la cara exterior de la carpintería. Incluso sellado perimetral de juntas por medio de un cordón de silicona neutra | D101: m2 | E101: {=INDEX(MEMORIAS!I:I,MATCH(ACTIVIDADES!B101,MEMORIAS!B:B,0))} -> 11.64 | F101: =INDEX(APU!I:I,MATCH(B101,APU!J:J,0)) -> 75230.064 | G101: =IFERROR(E101*F101,0) -> 875677.95
B102: =+B101+0.01 -> 11.13 | C102: Reposición de vidrios y/o celosías | D102: m2 | E102: {=INDEX(MEMORIAS!I:I,MATCH(ACTIVIDADES!B102,MEMORIAS!B:B,0))} -> 0 | F102: =INDEX(APU!I:I,MATCH(B102,APU!J:J,0)) -> 69135.015 | G102: =IFERROR(E102*F102,0) -> 0
C103: DIVISIONES, MUEBLES Y MESONES
B104: =+B102+0.01 -> 11.14 | C104: Suministro e instalación de MUEBLE Y MESÓN EN ACERO INOXIDABLE AISI 304 CON POZUELO, calibre 20 con alacenas inferiores en acero. ancho 0.60m, espesor 0.02m con lavaplatos y proteccion a muro de 0.10m (salpicadero). Incluye entrepaños en acero, puertas en acero, grifería, abastos, desagues y todos los demás elementos necesarios para su correcta instalación y funcionamiento. | D104: m | E104: {=INDEX(MEMORIAS!I:I,MATCH(ACTIVIDADES!B104,MEMORIAS!B:B,0))} -> 7.5 | F104: =INDEX(APU!I:I,MATCH(B104,APU!J:J,0)) -> 2345592.8 | G104: =IFERROR(E104*F104,0) -> 17591946
B105: =+B104+0.01 -> 11.15 | C105: Suministro e instalación de MUEBLE Y MESÓN EN ACERO INOXIDABLE AISI 304 PLANO, para zona de trabajo, calibre 20 con alacenas inferiores en acero. ancho 0.60m, espesor 0.02m sin lavaplatos y proteccion a muro de 0.10m (salpicadero). Incluye entrepaños en acero y todos los demás elementos necesarios para su correcta instalación y funcionamiento. | D105: m | E105: {=INDEX(MEMORIAS!I:I,MATCH(ACTIVIDADES!B105,MEMORIAS!B:B,0))} -> 7.5 | F105: =INDEX(APU!I:I,MATCH(B105,APU!J:J,0)) -> 1871636.4 | G105: =IFERROR(E105*F105,0) -> 14037273
B106: =+B105+0.01 -> 11.16 | C106: GABINETE SUPERIOR CON 4 PUERTA BATIENTES: Suministro e instalación de Gabinete para uso industrial fabricado en acero inoxidable AISI 304, acabado satinado, puertas batientes 2 niveles utiles especiales para almacenaje de alimentos que no necesiten refrigeración o almacenamiento de loza. Techo, piso, entrepaño, laterales, y puertas fabricados en lamina AISI 304 calibre 20. Se debe anclar en la pared. SIN ESPALDAR Dimensiones: 1x0,3x0,60 m. | D106: m | E106: {=INDEX(MEMORIAS!I:I,MATCH(ACTIVIDADES!B106,MEMORIAS!B:B,0))} -> 7.5 | F106: =INDEX(APU!I:I,MATCH(B106,APU!J:J,0)) -> 2385940.2 | G106: =IFERROR(E106*F106,0) -> 17894551
B107: =+B106+0.01 -> 11.17 | C107: Suministro e instalación de MESÓN DE LAVAMANOS EN ACERO INOXIDABLE AISI 304, con doble lavamanos, calibre 20, espesor 0.02m. Incluye griferías, abastos, desagues y todo lo necesario para su correcta instalación y funcionamiento. | D107: un | E107: {=INDEX(MEMORIAS!I:I,MATCH(ACTIVIDADES!B107,MEMORIAS!B:B,0))} -> 0 | F107: =INDEX(APU!I:I,MATCH(B107,APU!J:J,0)) -> 1739850.5 | G107: =IFERROR(E107*F107,0) -> 0
B108: 12 | C108: REDES HIDROSANITARIAS | G108: =SUM(G110:G132) -> 2128783.6
C109: Red de Abastos
B110: =+B108+0.01 -> 12.01 | C110: Suministro e instalación de Griferia para lavaplatos | D110: un | E110: {=INDEX(MEMORIAS!I:I,MATCH(ACTIVIDADES!B110,MEMORIAS!B:B,0))} -> 3 | F110: =INDEX(APU!I:I,MATCH(B110,APU!J:J,0)) -> 259727.79 | G110: =IFERROR(E110*F110,0) -> 779183.37
B111: =+B110+0.01 -> 12.02 | C111: Llave de paso 1/2", incluye todo lo necesario para su correcta instalación | D111: un | E111: {=INDEX(MEMORIAS!I:I,MATCH(ACTIVIDADES!B111,MEMORIAS!B:B,0))} -> 3 | F111: =INDEX(APU!I:I,MATCH(B111,APU!J:J,0)) -> 29423.343 | G111: =IFERROR(E111*F111,0) -> 88270.03
...

Sheet MEMORIAS
B2: DEPARTAMENTO DE ANTIOQUIA | M2: I.E. SAN JOSE PRIMARIA | N2: I.E. SAN JOSE SECUNDARIA | O2: I.E. LOS ANGELES
B3: MEMORIA DE OBRA
B4: =+ACTIVIDADES!$B$2 -> MANTENIMIENTO RESTAURANTES ESCOLARES
B5: ITEM | C5: DESCRIPCIÓN | H5: UNIDAD | I5: CANTIDAD | M5: =SUMIF(B:B,"*PRIMARIA*",K:K) -> 54128747 | N5: =SUMIF(B:B,"*SECUNDARIA*",K:K) -> 63893352 | O5: =SUMIF(B:B,"*ANGELES*",K:K) -> 45698077
B6: =+ACTIVIDADES!B9 -> 1.01 | C6: {=INDEX(ACTIVIDADES!$C:$C,MATCH(B6,ACTIVIDADES!$B:$B,0))} -> Suministro e Instalación de CERRAMIENTO PROVISIONAL en tela naranja con una altura de 2,1 m. y estructura en larguero común. Incluye suministro, transporte, instalación y desmonte de la tela , excavación manual en cualquier material y todos los demás elementos necesarios para su correcta instalación. | H6: {=INDEX(ACTIVIDADES!$D:$D,MATCH(B6,ACTIVIDADES!$B:$B,0))} -> m | I6: =I13 -> 92.8993 | K6: =INDEX(ACTIVIDADES!$F$9:$F$204,MATCH(MEMORIAS!B6,ACTIVIDADES!$B$9:$B$204,0)) -> 13568.85
B7: DETALLE | E7: LONGITUD (m) | F7: BASE / ANCHO (m) | G7: PROF / ALTURA (m) | H7: CANT. | I7: TOTAL
B8: I.E. SAN JOSE PRIMARIA | E8: 15 | H8: 1 | I8: =IF(E8="",1,E8)*IF(F8="",1,F8)*IF(G8="",1,G8)*H8 -> 15 | K8: =+I8*K6 -> 203532.75
B9: I.E. SAN JOSE SECUNDARIA | E9: 30 | H9: 1 | I9: =IF(E9="",1,E9)*IF(F9="",1,F9)*IF(G9="",1,G9)*H9 -> 30 | K9: =+I9*K6 -> 407065.51
B10: I.E. LOS ANGELES | E10: 23.94965 | H10: 2 | I10: =IF(E10="",1,E10)*IF(F10="",1,F10)*IF(G10="",1,G10)*H10 -> 47.8993 | K10: =+I10*K6 -> 649938.43
I11: =IF(E11="",1,E11)*IF(F11="",1,F11)*IF(G11="",1,G11)*H11 -> 0 | K11: =+I11*K6 -> 0
I12: =IF(E12="",1,E12)*IF(F12="",1,F12)*IF(G12="",1,G12)*H12 -> 0 | K12: =+I12*K6 -> 0
B13: TOTAL CANTIDAD | I13: =SUM(I8:I12) -> 92.8993
B14: INSERTE PLANO, GRÁFICO O ESQUEMA AQUÍ
B26: DEPARTAMENTO DE ANTIOQUIA
B27: MEMORIA DE OBRA
B28: =+ACTIVIDADES!$B$2 -> MANTENIMIENTO RESTAURANTES ESCOLARES
B29: ITEM | C29: DESCRIPCIÓN | H29: UNIDAD | I29: CANTIDAD
B30: =+ACTIVIDADES!B11 -> 2.01 | C30: {=INDEX(ACTIVIDADES!$C:$C,MATCH(B30,ACTIVIDADES!$B:$B,0))} -> Limpieza de cajas y/o sumideros manualmente. Incluye acarreo interno, cargue, transporte botada de material producto de la actividad y todo lo necesario para correcta ejecución de la actividad. | H30: {=INDEX(ACTIVIDADES!$D:$D,MATCH(B30,ACTIVIDADES!$B:$B,0))} -> un | I30: =I37 -> 4 | K30: =INDEX(ACTIVIDADES!$F$9:$F$204,MATCH(MEMORIAS!B30,ACTIVIDADES!$B$9:$B$204,0)) -> 19612.293
B31: DETALLE | E31: LONGITUD (m) | F31: BASE / ANCHO (m) | G31: PROF / ALTURA (m) | H31: CANT. | I31: TOTAL
B32: I.E. SAN JOSE SECUNDARIA | H32: 2 | I32: =IF(E32="",1,E32)*IF(F32="",1,F32)*IF(G32="",1,G32)*H32 -> 2 | K32: =+I32*K30 -> 39224.587
B33: I.E. LOS ANGELES | H33: 1 | I33: =IF(E33="",1,E33)*IF(F33="",1,F33)*IF(G33="",1,G33)*H33 -> 1 | K33: =+I33*K30 -> 19612.293
B34: I.E. LOS ANGELES | H34: 1 | I34: =IF(E34="",1,E34)*IF(F34="",1,F34)*IF(G34="",1,G34)*H34 -> 1 | K34: =+I34*K30 -> 19612.293
I35: =IF(E35="",1,E35)*IF(F35="",1,F35)*IF(G35="",1,G35)*H35 -> 0 | K35: =+I35*K30 -> 0
I36: =IF(E36="",1,E36)*IF(F36="",1,F36)*IF(G36="",1,G36)*H36 -> 0 | K36: =+I36*K30 -> 0
B37: TOTAL CANTIDAD | I37: =SUM(I32:I36) -> 4
B50: DEPARTAMENTO DE ANTIOQUIA
B51: MEMORIA DE OBRA
B52: =+ACTIVIDADES!$B$2 -> MANTENIMIENTO RESTAURANTES ESCOLARES
B53: ITEM | C53: DESCRIPCIÓN | H53: UNIDAD | I53: CANTIDAD
B54: =+ACTIVIDADES!B12 -> 2.02 | C54: {=INDEX(ACTIVIDADES!$C:$C,MATCH(B54,ACTIVIDADES!$B:$B,0))} -> Limpieza de cunetas, incluye: Acarreo interno, cargue, transporte y botada de escombros y material producto de la actividad y todo lo necesario para la correcta ejecución de la actividad. | H54: {=INDEX(ACTIVIDADES!$D:$D,MATCH(B54,ACTIVIDADES!$B:$B,0))} -> ml | I54: =I61 -> 0
B55: DETALLE | E55: LONGITUD (m) | F55: BASE / ANCHO (m) | G55: PROF / ALTURA (m) | H55: CANT. | I55: TOTAL
I56: =IF(E56="",1,E56)*IF(F56="",1,F56)*IF(G56="",1,G56)*H56 -> 0
I57: =IF(E57="",1,E57)*IF(F57="",1,F57)*IF(G57="",1,G57)*H57 -> 0
I58: =IF(E58="",1,E58)*IF(F58="",1,F58)*IF(G58="",1,G58)*H58 -> 0
I59: =IF(E59="",1,E59)*IF(F59="",1,F59)*IF(G59="",1,G59)*H59 -> 0
I60: =IF(E60="",1,E60)*IF(F60="",1,F60)*IF(G60="",1,G60)*H60 -> 0
B61: TOTAL CANTIDAD | I61: =SUM(I56:I60) -> 0
B62: INSERTE PLANO, GRÁFICO O ESQUEMA AQUÍ
B74: DEPARTAMENTO DE ANTIOQUIA
B75: MEMORIA DE OBRA
B76: =+ACTIVIDADES!$B$2 -> MANTENIMIENTO RESTAURANTES ESCOLARES
B77: ITEM | C77: DESCRIPCIÓN | H77: UNIDAD | I77: CANTIDAD
B78: =+ACTIVIDADES!B14 -> 3.01 | C78: {=INDEX(ACTIVIDADES!$C:$C,MATCH(B78,ACTIVIDADES!$B:$B,0))} -> RETIRO Y BOTADA DE CUBIERTA DE TEJA DE BARRO. | H78: {=INDEX(ACTIVIDADES!$D:$D,MATCH(B78,ACTIVIDADES!$B:$B,0))} -> m² | I78: =I85 -> 0
B79: DETALLE | E79: LONGITUD (m) | F79: BASE / ANCHO (m) | G79: PROF / ALTURA (m) | H79: CANT. | I79: TOTAL
I80: =IF(E80="",1,E80)*IF(F80="",1,F80)*IF(G80="",1,G80)*H80 -> 0
I81: =IF(E81="",1,E81)*IF(F81="",1,F81)*IF(G81="",1,G81)*H81 -> 0
I82: =IF(E82="",1,E82)*IF(F82="",1,F82)*IF(G82="",1,G82)*H82 -> 0
I83: =IF(E83="",1,E83)*IF(F83="",1,F83)*IF(G83="",1,G83)*H83 -> 0
I84: =IF(E84="",1,E84)*IF(F84="",1,F84)*IF(G84="",1,G84)*H84 -> 0
B85: TOTAL CANTIDAD | I85: =SUM(I80:I84) -> 0
B86: INSERTE PLANO, GRÁFICO O ESQUEMA AQUÍ
B98: DEPARTAMENTO DE ANTIOQUIA
B99: MEMORIA DE OBRA
B100: =+ACTIVIDADES!$B$2 -> MANTENIMIENTO RESTAURANTES ESCOLARES
B101: ITEM | C101: DESCRIPCIÓN | H101: UNIDAD | I101: CANTIDAD
B102: =+B78+0.01 -> 3.02 | C102: {=INDEX(ACTIVIDADES!$C:$C,MATCH(B102,ACTIVIDADES!$B:$B,0))} -> RETIRO Y BOTADA DE CUBIERTA EN FIBROCEMENTO O ASBESTO CEMENTO en mal estado. | H102: {=INDEX(ACTIVIDADES!$D:$D,MATCH(B102,ACTIVIDADES!$B:$B,0))} -> m² | I102: =I109 -> 0
B103: DETALLE | E103: LONGITUD (m) | F103: BASE / ANCHO (m) | G103: PROF / ALTURA (m) | H103: CANT. | I103: TOTAL
I104: =IF(E104="",1,E104)*IF(F104="",1,F104)*IF(G104="",1,G104)*H104 -> 0
I105: =IF(E105="",1,E105)*IF(F105="",1,F105)*IF(G105="",1,G105)*H105 -> 0
I106: =IF(E106="",1,E106)*IF(F106="",1,F106)*IF(G106="",1,G106)*H106 -> 0
I107: =IF(E107="",1,E107)*IF(F107="",1,F107)*IF(G107="",1,G107)*H107 -> 0
I108: =IF(E108="",1,E108)*IF(F108="",1,F108)*IF(G108="",1,G108)*H108 -> 0
B109: TOTAL CANTIDAD | I109: =SUM(I104:I108) -> 0
B110: INSERTE PLANO, GRÁFICO O ESQUEMA AQUÍ
B122: DEPARTAMENTO DE ANTIOQUIA
B123: MEMORIA DE OBRA
B124: =+ACTIVIDADES!$B$2 -> MANTENIMIENTO RESTAURANTES ESCOLARES
B125: ITEM | C125: DESCRIPCIÓN | H125: UNIDAD | I125: CANTIDAD
B126: =+B102+0.01 -> 3.03 | C126: {=INDEX(ACTIVIDADES!$C:$C,MATCH(B126,ACTIVIDADES!$B:$B,0))} -> RETIRO Y BOTADA DE CUBIERTA EN ZINC O EN OTROS MATERIALES NO CONVENCIONALES | H126: {=INDEX(ACTIVIDADES!$D:$D,MATCH(B126,ACTIVIDADES!$B:$B,0))} -> m² | I126: =I133 -> 0
B127: DETALLE | E127: LONGITUD (m) | F127: BASE / ANCHO (m) | G127: PROF / ALTURA (m) | H127: CANT. | I127: TOTAL
I128: =IF(E128="",1,E128)*IF(F128="",1,F128)*IF(G128="",1,G128)*H128 -> 0
I129: =IF(E129="",1,E129)*IF(F129="",1,F129)*IF(G129="",1,G129)*H129 -> 0
I130: =IF(E130="",1,E130)*IF(F130="",1,F130)*IF(G130="",1,G130)*H130 -> 0
I131: =IF(E131="",1,E131)*IF(F131="",1,F131)*IF(G131="",1,G131)*H131 -> 0
I132: =IF(E132="",1,E132)*IF(F132="",1,F132)*IF(G132="",1,G132)*H132 -> 0
B133: TOTAL CANTIDAD | I133: =SUM(I128:I132) -> 0
B134: INSERTE PLANO, GRÁFICO O ESQUEMA AQUÍ
B146: DEPARTAMENTO DE ANTIOQUIA
B147: MEMORIA DE OBRA
B148: =+ACTIVIDADES!$B$2 -> MANTENIMIENTO RESTAURANTES ESCOLARES
B149: ITEM | C149: DESCRIPCIÓN | H149: UNIDAD | I149: CANTIDAD
B150: =+B126+0.01 -> 3.04 | C150: {=INDEX(ACTIVIDADES!$C:$C,MATCH(B150,ACTIVIDADES!$B:$B,0))} -> RETIRO Y BOTADA DE CANOAS y RUANAS. | H150: {=INDEX(ACTIVIDADES!$D:$D,MATCH(B150,ACTIVIDADES!$B:$B,0))} -> m | I150: =I157 -> 0
B151: DETALLE | E151: LONGITUD (m) | F151: BASE / ANCHO (m) | G151: PROF / ALTURA (m) | H151: CANT. | I151: TOTAL
I152: =IF(E152="",1,E152)*IF(F152="",1,F152)*IF(G152="",1,G152)*H152 -> 0
I153: =IF(E153="",1,E153)*IF(F153="",1,F153)*IF(G153="",1,G153)*H153 -> 0
I154: =IF(E154="",1,E154)*IF(F154="",1,F154)*IF(G154="",1,G154)*H154 -> 0
I155: =IF(E155="",1,E155)*IF(F155="",1,F155)*IF(G155="",1,G155)*H155 -> 0
I156: =IF(E156="",1,E156)*IF(F156="",1,F156)*IF(G156="",1,G156)*H156 -> 0
B157: TOTAL CANTIDAD | I157: =SUM(I152:I156) -> 0
B158: INSERTE PLANO, GRÁFICO O ESQUEMA AQUÍ
B170: DEPARTAMENTO DE ANTIOQUIA
B171: MEMORIA DE OBRA
B172: =+ACTIVIDADES!$B$2 -> MANTENIMIENTO RESTAURANTES ESCOLARES
B173: ITEM | C173: DESCRIPCIÓN | H173: UNIDAD | I173: CANTIDAD
B174: =+B150+0.01 -> 3.05 | C174: {=INDEX(ACTIVIDADES!$C:$C,MATCH(B174,ACTIVIDADES!$B:$B,0))} -> RETIRO Y BOTADA DE BAJANTES Y/O TUBERÍA EXPUESTA en mal estado. | H174: {=INDEX(ACTIVIDADES!$D:$D,MATCH(B174,ACTIVIDADES!$B:$B,0))} -> m | I174: =I181 -> 0
B175: DETALLE | E175: LONGITUD (m) | F175: BASE / ANCHO (m) | G175: PROF / ALTURA (m) | H175: CANT. | I175: TOTAL
I176: =IF(E176="",1,E176)*IF(F176="",1,F176)*IF(G176="",1,G176)*H176 -> 0
I177: =IF(E177="",1,E177)*IF(F177="",1,F177)*IF(G177="",1,G177)*H177 -> 0
I178: =IF(E178="",1,E178)*IF(F178="",1,F178)*IF(G178="",1,G178)*H178 -> 0
I179: =IF(E179="",1,E179)*IF(F179="",1,F179)*IF(G179="",1,G179)*H179 -> 0
...

Sheet APU
C2: =+ACTIVIDADES!B2 -> MANTENIMIENTO RESTAURANTES ESCOLARES
C3: =+ACTIVIDADES!B3 -> GOBERNACION DE ANTIOQUIA
B5: ITEM | C5: =INDEX(ACTIVIDADES!$C:$C,MATCH(B6,ACTIVIDADES!$B:$B,0)) -> Suministro e Instalación de CERRAMIENTO PROVISIONAL en tela naranja con una altura de 2,1 m. y estructura en larguero común. Incluye suministro, transporte, instalación y desmonte de la tela , excavación manual en cualquier material y todos los demás elementos necesarios para su correcta instalación. | H5: % MAT | I5: % M.O.
B6: =+ACTIVIDADES!B9 -> 1.01 | H6: =IF(I9=0,0,I19/I9) -> 0.8384922 | I6: =IF(I9=0,0,I25/I9) -> 0.15236585
H7: % Eq y Hta | I7: % Ttes
B8: UNIDAD | H8: =IF(I9=0,0,I31/I9) -> 0.0076182927 | I8: =IF(I9=0,0,I37/I9) -> 0.0015236585
B9: =INDEX(ACTIVIDADES!$D:$D,MATCH(B6,ACTIVIDADES!$B:$B,0)) -> m | H9: VALOR UNITARIO | I9: =SUM(I19:I37) -> 13568.85 | J9: =+B6 -> 1.01
C10: MATERIALES
B11: CODIGO | C11: Descripción | D11: Unidad | E11: Cantidad | F11: Precio Unit. | G11: % Desp | H11: Vr. Unitario
C12: Tela cerramiento obra verde, ancho: 2.10 m. Incluye transporte externo e interno. | D12: =IFERROR(INDEX(INSUMOS!$C:$C,MATCH(C12,INSUMOS!$B:$B,0)),"") -> m | E12: 1 | F12: =IFERROR(INDEX(INSUMOS!$D:$D,MATCH(C12,INSUMOS!$B:$B,0)),"") -> 2800 | G12: 0.05 | H12: =IFERROR(G12*F12*E12+F12*E12,0) -> 2940
C13: Taco redondo de madera de 3.0m x 2.89m | D13: =IFERROR(INDEX(INSUMOS!$C:$C,MATCH(C13,INSUMOS!$B:$B,0)),"") -> un | E13: 1 | F13: =IFERROR(INDEX(INSUMOS!$D:$D,MATCH(C13,INSUMOS!$B:$B,0)),"") -> 4050 | H13: =IFERROR(G13*F13*E13+F13*E13,0) -> 4050
C14: Clavo común de 1". Caja x 500gr. | D14: =IFERROR(INDEX(INSUMOS!$C:$C,MATCH(C14,INSUMOS!$B:$B,0)),"") -> lb | E14: 0.04 | F14: =IFERROR(INDEX(INSUMOS!$D:$D,MATCH(C14,INSUMOS!$B:$B,0)),"") -> 5512 | H14: =IFERROR(G14*F14*E14+F14*E14,0) -> 220.48
C15: Listón madera común de 2"x1" | D15: =IFERROR(INDEX(INSUMOS!$C:$C,MATCH(C15,INSUMOS!$B:$B,0)),"") -> un | E15: 0.5 | F15: =IFERROR(INDEX(INSUMOS!$D:$D,MATCH(C15,INSUMOS!$B:$B,0)),"") -> 5000 | H15: =IFERROR(G15*F15*E15+F15*E15,0) -> 2500
C16: Alambre recocido C 18 | D16: =IFERROR(INDEX(INSUMOS!$C:$C,MATCH(C16,INSUMOS!$B:$B,0)),"") -> kg | E16: 0.215 | F16: =IFERROR(INDEX(INSUMOS!$D:$D,MATCH(C16,INSUMOS!$B:$B,0)),"") -> 7753 | H16: =IFERROR(G16*F16*E16+F16*E16,0) -> 1666.895
D17: =IFERROR(INDEX(INSUMOS!$C:$C,MATCH(C17,INSUMOS!$B:$B,0)),"") | F17: =IFERROR(INDEX(INSUMOS!$D:$D,MATCH(C17,INSUMOS!$B:$B,0)),"") | H17: =IFERROR(G17*F17*E17+F17*E17,0) -> 0
D18: =IFERROR(INDEX(INSUMOS!$C:$C,MATCH(C18,INSUMOS!$B:$B,0)),"") | F18: =IFERROR(INDEX(INSUMOS!$D:$D,MATCH(C18,INSUMOS!$B:$B,0)),"") | H18: =IFERROR(G18*F18*E18+F18*E18,0) -> 0
H19: Subtotal | I19: =SUM(H12:H18) -> 11377.375
C20: MANO DE OBRA
B21: CODIGO | C21: Descripción | D21: CANT | E21: Jornal Dia + Prest. | G21: Rend/Dia | H21: Vr. Unitario
C22: Ayudante raso | D22: 2 | E22: =IFERROR(INDEX('MANO DE OBRA'!$F:$F,MATCH(C22,'MANO DE OBRA'!$B:$B,0)),"") -> 0.77116643 | F22: =IFERROR(INDEX('MANO DE OBRA'!$J:$J,MATCH(C22,'MANO DE OBRA'!$B:$B,0)),"") -> 103371.47 | G22: 100 | H22: =IFERROR((F22/G22)*D22,0) -> 2067.4294
E23: =IFERROR(INDEX('MANO DE OBRA'!$F:$F,MATCH(C23,'MANO DE OBRA'!$B:$B,0)),"") | F23: =IFERROR(INDEX('MANO DE OBRA'!$J:$J,MATCH(C23,'MANO DE OBRA'!$B:$B,0)),"") | G23: =+G22 -> 100 | H23: =IFERROR((F23/G23)*D23,0) -> 0
E24: =IFERROR(INDEX('MANO DE OBRA'!$F:$F,MATCH(C24,'MANO DE OBRA'!$B:$B,0)),"") | F24: =IFERROR(INDEX('MANO DE OBRA'!$J:$J,MATCH(C24,'MANO DE OBRA'!$B:$B,0)),"") | H24: =IFERROR((F24/G24)*D24,0) -> 0
H25: Subtotal | I25: =SUM(H22:H24) -> 2067.4294
C26: EQUIPOS Y HERRAMIENTA
B27: CODIGO | C27: Descripción | D27: % | E27: UNIDAD | F27: Tarifa/Hora | G27: Rendimiento | H27: Vr. Unitario
C28: HERRAMIENTA MENOR | D28: 0.05 | F28: =+I25 -> 2067.4294 | G28: 1 | H28: =IFERROR(G28*F28*D28,0) -> 103.37147
E29: =IFERROR(INDEX(INSUMOS!$C:$C,MATCH(C29,INSUMOS!$B:$B,0)),"") | H29: =IFERROR(G29*F29,0) -> 0
E30: =IFERROR(INDEX(INSUMOS!$C:$C,MATCH(C30,INSUMOS!$B:$B,0)),"") | H30: =IFERROR(G30*F30,0) -> 0
H31: Subtotal | I31: =SUM(H28:H30) -> 103.37147
C32: TRANSPORTE
B33: CODIGO | C33: Descripción | D33: % | E33: UNIDAD | F33: Tarifa/Hora | G33: Rendimiento | H33: Vr. Unitario
C34: ACARREO INTERNO | D34: 0.01 | E34: 1 | F34: =+I25 -> 2067.4294 | G34: 0.01 | H34: =IFERROR(G34*F34,0) -> 20.674294
E35: =IFERROR(INDEX(INSUMOS!$C:$C,MATCH(C35,INSUMOS!$B:$B,0)),"") | F35: =IFERROR(INDEX(INSUMOS!$D:$D,MATCH(C35,INSUMOS!$B:$B,0)),"") | H35: =IFERROR(G35*F35,0) -> 0
D36: =IFERROR(INDEX(INSUMOS!$C:$C,MATCH(C36,INSUMOS!$B:$B,0)),"") | F36: =IFERROR(INDEX(INSUMOS!$D:$D,MATCH(C36,INSUMOS!$B:$B,0)),"") | H36: =IFERROR(G36*F36,0) -> 0
H37: Subtotal | I37: =SUM(H34:H36) -> 20.674294
C39: =+$C$2 -> MANTENIMIENTO RESTAURANTES ESCOLARES
C40: =+$C$3 -> GOBERNACION DE ANTIOQUIA
B42: ITEM | C42: =INDEX(ACTIVIDADES!$C:$C,MATCH(B43,ACTIVIDADES!$B:$B,0)) -> Limpieza de cajas y/o sumideros manualmente. Incluye acarreo interno, cargue, transporte botada de material producto de la actividad y todo lo necesario para correcta ejecución de la actividad. | H42: % MAT | I42: % M.O.
B43: =+ACTIVIDADES!B11 -> 2.01 | H43: =IF(I46=0,0,I57/I46) -> 0 | I43: =IF(I46=0,0,I63/I46) -> 0.87845813
H44: % Eq y Hta | I44: % Ttes
B45: UNIDAD | H45: =IF(I46=0,0,I69/I46) -> 0.043922907 | I45: =IF(I46=0,0,I75/I46) -> 0.077618959
B46: =INDEX(ACTIVIDADES!$D:$D,MATCH(B43,ACTIVIDADES!$B:$B,0)) -> un | H46: VALOR UNITARIO | I46: =SUM(I57:I75) -> 19612.293 | J46: =+B43 -> 2.01
C47: MATERIALES
B48: CODIGO | C48: Descripción | D48: Unidad | E48: Cantidad | F48: Precio Unit. | G48: % Desp | H48: Vr. Unitario
D49: =IFERROR(INDEX(INSUMOS!$C:$C,MATCH(C49,INSUMOS!$B:$B,0)),"") | F49: =IFERROR(INDEX(INSUMOS!$D:$D,MATCH(C49,INSUMOS!$B:$B,0)),"") | H49: =IFERROR(G49*F49*E49+F49*E49,0) -> 0
D50: =IFERROR(INDEX(INSUMOS!$C:$C,MATCH(C50,INSUMOS!$B:$B,0)),"") | F50: =IFERROR(INDEX(INSUMOS!$D:$D,MATCH(C50,INSUMOS!$B:$B,0)),"") | H50: =IFERROR(G50*F50*E50+F50*E50,0) -> 0
D51: =IFERROR(INDEX(INSUMOS!$C:$C,MATCH(C51,INSUMOS!$B:$B,0)),"") | F51: =IFERROR(INDEX(INSUMOS!$D:$D,MATCH(C51,INSUMOS!$B:$B,0)),"") | H51: =IFERROR(G51*F51*E51+F51*E51,0) -> 0
D52: =IFERROR(INDEX(INSUMOS!$C:$C,MATCH(C52,INSUMOS!$B:$B,0)),"") | F52: =IFERROR(INDEX(INSUMOS!$D:$D,MATCH(C52,INSUMOS!$B:$B,0)),"") | H52: =IFERROR(G52*F52*E52+F52*E52,0) -> 0
D53: =IFERROR(INDEX(INSUMOS!$C:$C,MATCH(C53,INSUMOS!$B:$B,0)),"") | F53: =IFERROR(INDEX(INSUMOS!$D:$D,MATCH(C53,INSUMOS!$B:$B,0)),"") | H53: =IFERROR(G53*F53*E53+F53*E53,0) -> 0
D54: =IFERROR(INDEX(INSUMOS!$C:$C,MATCH(C54,INSUMOS!$B:$B,0)),"") | F54: =IFERROR(INDEX(INSUMOS!$D:$D,MATCH(C54,INSUMOS!$B:$B,0)),"") | H54: =IFERROR(G54*F54*E54+F54*E54,0) -> 0
D55: =IFERROR(INDEX(INSUMOS!$C:$C,MATCH(C55,INSUMOS!$B:$B,0)),"") | F55: =IFERROR(INDEX(INSUMOS!$D:$D,MATCH(C55,INSUMOS!$B:$B,0)),"") | H55: =IFERROR(G55*F55*E55+F55*E55,0) -> 0
D56: =IFERROR(INDEX(INSUMOS!$C:$C,MATCH(C56,INSUMOS!$B:$B,0)),"") | F56: =IFERROR(INDEX(INSUMOS!$D:$D,MATCH(C56,INSUMOS!$B:$B,0)),"") | H56: =IFERROR(G56*F56*E56+F56*E56,0) -> 0
H57: Subtotal | I57: =SUM(H49:H56) -> 0
C58: MANO DE OBRA
B59: CODIGO | C59: Descripción | D59: CANT | E59: Jornal Dia + Prest. | G59: Rend/Dia | H59: Vr. Unitario
C60: Ayudante raso | D60: 1 | E60: =IFERROR(INDEX('MANO DE OBRA'!$F:$F,MATCH(C60,'MANO DE OBRA'!$B:$B,0)),"") -> 0.77116643 | F60: =IFERROR(INDEX('MANO DE OBRA'!$J:$J,MATCH(C60,'MANO DE OBRA'!$B:$B,0)),"") -> 103371.47 | G60: 6 | H60: =IFERROR((F60/G60)*D60,0) -> 17228.579
E61: =IFERROR(INDEX('MANO DE OBRA'!$F:$F,MATCH(C61,'MANO DE OBRA'!$B:$B,0)),"") | F61: =IFERROR(INDEX('MANO DE OBRA'!$J:$J,MATCH(C61,'MANO DE OBRA'!$B:$B,0)),"") | H61: =IFERROR((F61/G61)*D61,0) -> 0
E62: =IFERROR(INDEX('MANO DE OBRA'!$F:$F,MATCH(C62,'MANO DE OBRA'!$B:$B,0)),"") | F62: =IFERROR(INDEX('MANO DE OBRA'!$J:$J,MATCH(C62,'MANO DE OBRA'!$B:$B,0)),"") | H62: =IFERROR((F62/G62)*D62,0) -> 0
H63: Subtotal | I63: =SUM(H60:H62) -> 17228.579
C64: EQUIPOS Y HERRAMIENTA
B65: CODIGO | C65: Descripción | D65: % | E65: UNIDAD | F65: Tarifa/Hora | G65: Rendimiento | H65: Vr. Unitario
C66: HERRAMIENTA MENOR | D66: 0.05 | F66: =+I63 -> 17228.579 | G66: 1 | H66: =IFERROR(G66*F66*D66,0) -> 861.42893
E67: =IFERROR(INDEX(INSUMOS!$C:$C,MATCH(C67,INSUMOS!$B:$B,0)),"") | F67: =IFERROR(INDEX(INSUMOS!$D:$D,MATCH(C67,INSUMOS!$B:$B,0)),"") | H67: =IFERROR(G67*F67,0) -> 0
E68: =IFERROR(INDEX(INSUMOS!$C:$C,MATCH(C68,INSUMOS!$B:$B,0)),"") | F68: =IFERROR(INDEX(INSUMOS!$D:$D,MATCH(C68,INSUMOS!$B:$B,0)),"") | H68: =IFERROR(G68*F68,0) -> 0
H69: Subtotal | I69: =SUM(H66:H68) -> 861.42893
C70: TRANSPORTE
B71: CODIGO | C71: Descripción | D71: % | E71: UNIDAD | F71: Tarifa/Hora | G71: Rendimiento | H71: Vr. Unitario
C72: ACARREO INTERNO | D72: 0.01 | E72: 1 | F72: =+I63 -> 17228.579 | G72: 0.01 | H72: =IFERROR(G72*F72,0) -> 172.28579
C73: Cargue y botada de escombros | E73: =IFERROR(INDEX(INSUMOS!$C:$C,MATCH(C73,INSUMOS!$B:$B,0)),"") -> m3 | F73: =IFERROR(INDEX(INSUMOS!$D:$D,MATCH(C73,INSUMOS!$B:$B,0)),"") -> 45000 | G73: 0.03 | H73: =IFERROR(G73*F73,0) -> 1350
D74: =IFERROR(INDEX(INSUMOS!$C:$C,MATCH(C74,INSUMOS!$B:$B,0)),"") | F74: =IFERROR(INDEX(INSUMOS!$D:$D,MATCH(C74,INSUMOS!$B:$B,0)),"") | H74: =IFERROR(G74*F74,0) -> 0
H75: Subtotal | I75: =SUM(H72:H74) -> 1522.2858
C77: =+$C$2 -> MANTENIMIENTO RESTAURANTES ESCOLARES
C78: =+$C$3 -> GOBERNACION DE ANTIOQUIA
B80: ITEM | C80: =INDEX(ACTIVIDADES!$C:$C,MATCH(B81,ACTIVIDADES!$B:$B,0)) -> Limpieza de cunetas, incluye: Acarreo interno, cargue, transporte y botada de escombros y material producto de la actividad y todo lo necesario para la correcta ejecución de la actividad. | H80: % MAT | I80: % M.O.
B81: =+ACTIVIDADES!B12 -> 2.02 | H81: =IF(I84=0,0,I95/I84) -> 0 | I81: =IF(I84=0,0,I101/I84) -> 0.72124449
H82: % Eq y Hta | I82: % Ttes
B83: UNIDAD | H83: =IF(I84=0,0,I107/I84) -> 0.036062224 | I83: =IF(I84=0,0,I113/I84) -> 0.24269329
B84: =INDEX(ACTIVIDADES!$D:$D,MATCH(B81,ACTIVIDADES!$B:$B,0)) -> ml | H84: VALOR UNITARIO | I84: =SUM(I95:I113) -> 5732.9504 | J84: =+B81 -> 2.02
C85: MATERIALES
B86: CODIGO | C86: Descripción | D86: Unidad | E86: Cantidad | F86: Precio Unit. | G86: % Desp | H86: Vr. Unitario
D87: =IFERROR(INDEX(INSUMOS!$C:$C,MATCH(C87,INSUMOS!$B:$B,0)),"") | F87: =IFERROR(INDEX(INSUMOS!$D:$D,MATCH(C87,INSUMOS!$B:$B,0)),"") | H87: =IFERROR(G87*F87*E87+F87*E87,0) -> 0
D88: =IFERROR(INDEX(INSUMOS!$C:$C,MATCH(C88,INSUMOS!$B:$B,0)),"") | F88: =IFERROR(INDEX(INSUMOS!$D:$D,MATCH(C88,INSUMOS!$B:$B,0)),"") | H88: =IFERROR(G88*F88*E88+F88*E88,0) -> 0
D89: =IFERROR(INDEX(INSUMOS!$C:$C,MATCH(C89,INSUMOS!$B:$B,0)),"") | F89: =IFERROR(INDEX(INSUMOS!$D:$D,MATCH(C89,INSUMOS!$B:$B,0)),"") | H89: =IFERROR(G89*F89*E89+F89*E89,0) -> 0
D90: =IFERROR(INDEX(INSUMOS!$C:$C,MATCH(C90,INSUMOS!$B:$B,0)),"") | F90: =IFERROR(INDEX(INSUMOS!$D:$D,MATCH(C90,INSUMOS!$B:$B,0)),"") | H90: =IFERROR(G90*F90*E90+F90*E90,0) -> 0
D91: =IFERROR(INDEX(INSUMOS!$C:$C,MATCH(C91,INSUMOS!$B:$B,0)),"") | F91: =IFERROR(INDEX(INSUMOS!$D:$D,MATCH(C91,INSUMOS!$B:$B,0)),"") | H91: =IFERROR(G91*F91*E91+F91*E91,0) -> 0
D92: =IFERROR(INDEX(INSUMOS!$C:$C,MATCH(C92,INSUMOS!$B:$B,0)),"") | F92: =IFERROR(INDEX(INSUMOS!$D:$D,MATCH(C92,INSUMOS!$B:$B,0)),"") | H92: =IFERROR(G92*F92*E92+F92*E92,0) -> 0
D93: =IFERROR(INDEX(INSUMOS!$C:$C,MATCH(C93,INSUMOS!$B:$B,0)),"") | F93: =IFERROR(INDEX(INSUMOS!$D:$D,MATCH(C93,INSUMOS!$B:$B,0)),"") | H93: =IFERROR(G93*F93*E93+F93*E93,0) -> 0
D94: =IFERROR(INDEX(INSUMOS!$C:$C,MATCH(C94,INSUMOS!$B:$B,0)),"") | F94: =IFERROR(INDEX(INSUMOS!$D:$D,MATCH(C94,INSUMOS!$B:$B,0)),"") | H94: =IFERROR(G94*F94*E94+F94*E94,0) -> 0
H95: Subtotal | I95: =SUM(H87:H94) -> 0
C96: MANO DE OBRA
B97: CODIGO | C97: Descripción | D97: CANT | E97: Jornal Dia + Prest. | G97: Rend/Dia | H97: Vr. Unitario
C98: Ayudante raso | D98: 2 | E98: =IFERROR(INDEX('MANO DE OBRA'!$F:$F,MATCH(C98,'MANO DE OBRA'!$B:$B,0)),"") -> 0.77116643 | F98: =IFERROR(INDEX('MANO DE OBRA'!$J:$J,MATCH(C98,'MANO DE OBRA'!$B:$B,0)),"") -> 103371.47 | G98: 50 | H98: =IFERROR((F98/G98)*D98,0) -> 4134.8589
E99: =IFERROR(INDEX('MANO DE OBRA'!$F:$F,MATCH(C99,'MANO DE OBRA'!$B:$B,0)),"") | F99: =IFERROR(INDEX('MANO DE OBRA'!$J:$J,MATCH(C99,'MANO DE OBRA'!$B:$B,0)),"") | H99: =IFERROR((F99/G99)*D99,0) -> 0
E100: =IFERROR(INDEX('MANO DE OBRA'!$F:$F,MATCH(C100,'MANO DE OBRA'!$B:$B,0)),"") | F100: =IFERROR(INDEX('MANO DE OBRA'!$J:$J,MATCH(C100,'MANO DE OBRA'!$B:$B,0)),"") | H100: =IFERROR((F100/G100)*D100,0) -> 0
H101: Subtotal | I101: =SUM(H98:H100) -> 4134.8589
C102: EQUIPOS Y HERRAMIENTA
B103: CODIGO | C103: Descripción | D103: % | E103: UNIDAD | F103: Tarifa/Hora | G103: Rendimiento | H103: Vr. Unitario
C104: HERRAMIENTA MENOR | D104: 0.05 | F104: =+I101 -> 4134.8589 | G104: 1 | H104: =IFERROR(G104*F104*D104,0) -> 206.74294
E105: =IFERROR(INDEX(INSUMOS!$C:$C,MATCH(C105,INSUMOS!$B:$B,0)),"") | F105: =IFERROR(INDEX(INSUMOS!$D:$D,MATCH(C105,INSUMOS!$B:$B,0)),"") | H105: =IFERROR(G105*F105,0) -> 0
E106: =IFERROR(INDEX(INSUMOS!$C:$C,MATCH(C106,INSUMOS!$B:$B,0)),"") | F106: =IFERROR(INDEX(INSUMOS!$D:$D,MATCH(C106,INSUMOS!$B:$B,0)),"") | H106: =IFERROR(G106*F106,0) -> 0
...

Sheet APA
B2: ITEM | C2: CONCRETO 1:2:3 ½ OBRA (3000psi) - 210K/CM2 | H2: % MAT | I2: % M.O.
H3: =IF(I6=0,0,I17/I6) -> 0.68984768 | I3: =IF(I6=0,0,I23/I6) -> 0.23302877
H4: % Eq y Hta | I4: % Ttes
B5: Unid. | H5: =IF(I6=0,0,I29/I6) -> 0.015630446 | I5: =IF(I6=0,0,I35/I6) -> 0.06149311
B6: m3 | H6: VALOR UNITARIO | I6: =SUM(I17:I35) -> 686100.74
C7: MATERIALES
B8: CODIGO | C8: Descripción | D8: Unid. | E8: Cantidad | F8: Precio Unit. | G8: % Desp | H8: Vr. Unitario
C9: TRIRURADO 1/2". | D9: {=IFERROR(INDEX(INSUMOS!$C:$C,MATCH(C9,INSUMOS!$B:$B,0)),"")} -> m3 | E9: 0.9 | F9: {=IFERROR(INDEX(INSUMOS!$D:$D,MATCH(C9,INSUMOS!$B:$B,0)),"")} -> 110000 | H9: =IFERROR(G9*F9*E9+F9*E9,0) -> 99000
C10: AGUA | D10: {=IFERROR(INDEX(INSUMOS!$C:$C,MATCH(C10,INSUMOS!$B:$B,0)),"")} -> lts | E10: 182 | F10: {=IFERROR(INDEX(INSUMOS!$D:$D,MATCH(C10,INSUMOS!$B:$B,0)),"")} -> 182 | H10: =IFERROR(G10*F10*E10+F10*E10,0) -> 33124
C11: ARENA DE CONCRETO | D11: {=IFERROR(INDEX(INSUMOS!$C:$C,MATCH(C11,INSUMOS!$B:$B,0)),"")} -> m3 | E11: 0.515 | F11: {=IFERROR(INDEX(INSUMOS!$D:$D,MATCH(C11,INSUMOS!$B:$B,0)),"")} -> 135000 | H11: =IFERROR(G11*F11*E11+F11*E11,0) -> 69525
C12: Cemento Gris | D12: {=IFERROR(INDEX(INSUMOS!$C:$C,MATCH(C12,INSUMOS!$B:$B,0)),"")} -> sac | E12: 7 | F12: {=IFERROR(INDEX(INSUMOS!$D:$D,MATCH(C12,INSUMOS!$B:$B,0)),"")} -> 35280 | G12: 0.1 | H12: =IFERROR(G12*F12*E12+F12*E12,0) -> 271656
D13: {=IFERROR(INDEX(INSUMOS!$C:$C,MATCH(C13,INSUMOS!$B:$B,0)),"")} | F13: {=IFERROR(INDEX(INSUMOS!$D:$D,MATCH(C13,INSUMOS!$B:$B,0)),"")} | H13: =IFERROR(G13*F13*E13+F13*E13,0) -> 0
D14: {=IFERROR(INDEX(INSUMOS!$C:$C,MATCH(C14,INSUMOS!$B:$B,0)),"")} | F14: {=IFERROR(INDEX(INSUMOS!$D:$D,MATCH(C14,INSUMOS!$B:$B,0)),"")} | H14: =IFERROR(G14*F14*E14+F14*E14,0) -> 0
D15: {=IFERROR(INDEX(INSUMOS!$C:$C,MATCH(C15,INSUMOS!$B:$B,0)),"")} | F15: {=IFERROR(INDEX(INSUMOS!$D:$D,MATCH(C15,INSUMOS!$B:$B,0)),"")} | H15: =IFERROR(G15*F15*E15+F15*E15,0) -> 0
D16: {=IFERROR(INDEX(INSUMOS!$C:$C,MATCH(C16,INSUMOS!$B:$B,0)),"")} | F16: {=IFERROR(INDEX(INSUMOS!$D:$D,MATCH(C16,INSUMOS!$B:$B,0)),"")} | H16: =IFERROR(G16*F16*E16+F16*E16,0) -> 0
H17: Subtotal | I17: =SUM(H9:H16) -> 473305
C18: MANO DE OBRA
B19: CODIGO | C19: Descripción | D19: CANT | E19: Jornal Dia + Prest. | G19: Rend/Dia | H19: Vr. Unitario
C20: Ayudante raso | D20: 3 | F20: {=IFERROR(INDEX('MANO DE OBRA'!$J:$J,MATCH(C20,'MANO DE OBRA'!$B:$B,0)),"")} -> 103371.47 | G20: 3 | H20: =IFERROR((F20/G20)*D20,0) -> 103371.47
C21: Oficial de obra civil | D21: 1 | F21: {=IFERROR(INDEX('MANO DE OBRA'!$J:$J,MATCH(C21,'MANO DE OBRA'!$B:$B,0)),"")} -> 169529.21 | G21: =+G20 -> 3 | H21: =IFERROR(F21/G21,0) -> 56509.738
F22: {=IFERROR(INDEX('MANO DE OBRA'!$J:$J,MATCH(C22,'MANO DE OBRA'!$B:$B,0)),"")} | H22: =IFERROR(F22/G22,0) -> 0
H23: Subtotal | I23: =SUM(H20:H22) -> 159881.21
C24: EQUIPOS Y HERRAMIENTA
B25: CODIGO | C25: Descripción | D25: % | E25: Unidad | F25: Tarifa/Hora | G25: Rendimiento | H25: Vr. Unitario
C26: HERRAMIENTA MENOR | D26: 0.05 | F26: =+I23 -> 159881.21 | G26: 1 | H26: =IFERROR(G26*F26*D26,0) -> 7994.0605
C27: CONCRETADORA TROMPO ELECT.1SAC | F27: {=IFERROR(INDEX(INSUMOS!$D:$D,MATCH(C27,INSUMOS!$B:$B,0)),"")} -> 6500 | G27: 0.42 | H27: =IFERROR(G27*F27,0) -> 2730
F28: {=IFERROR(INDEX(INSUMOS!$D:$D,MATCH(C28,INSUMOS!$B:$B,0)),"")} | H28: =IFERROR(G28*F28,0) -> 0
H29: Subtotal | I29: =SUM(H26:H28) -> 10724.06
C30: TRANSPORTE
B31: CODIGO | C31: Descripción | D31: Unid. | E31: Distancia Km. | F31: Tarifa | G31: Cantidad | H31: Vr. Unitario
C32: ACARREO INTERNO | D32: 1 | E32: 1 | F32: =+I23 -> 159881.21 | G32: 0.01 | H32: =IFERROR(G32*F32*E32,0) -> 1598.8121
C33: Transporte Materiales | D33: {=IFERROR(INDEX(INSUMOS!$C:$C,MATCH(C33,INSUMOS!$B:$B,0)),"")} -> m3 | E33: 1 | F33: {=IFERROR(INDEX(INSUMOS!$D:$D,MATCH(C33,INSUMOS!$B:$B,0)),"")} -> 35000 | G33: 1.152 | H33: =IFERROR(G33*F33*E33,0) -> 40320
C34: TRANSP. BULTO CEMENTO | D34: {=IFERROR(INDEX(INSUMOS!$C:$C,MATCH(C34,INSUMOS!$B:$B,0)),"")} | E34: 1 | F34: =+H12*0.001 -> 271.656 | G34: 1 | H34: =IFERROR(G34*F34*E34,0) -> 271.656
H35: Subtotal | I35: =SUM(H32:H34) -> 42190.468
B37: ITEM | C37: CONCRETO 1:3:3 OBRA (2400psi) - 170K/CM2 | H37: % MAT | I37: % M.O.
H38: =IF(I41=0,0,I52/I41) -> 0.67354546 | I38: =IF(I41=0,0,I58/I41) -> 0.24532196
H39: % Eq y Hta | I39: % Ttes
B40: Unid. | H40: =IF(I41=0,0,I64/I41) -> 0.016455014 | I40: =IF(I41=0,0,I70/I41) -> 0.064677568
B41: m3 | H41: VALOR UNITARIO | I41: =SUM(I52:I70) -> 651719.93
C42: MATERIALES
B43: CODIGO | C43: Descripción | D43: Unid. | E43: Cantidad | F43: Precio Unit. | G43: % Desp | H43: Vr. Unitario
C44: TRIRURADO 1/2". | D44: {=IFERROR(INDEX(INSUMOS!$C:$C,MATCH(C44,INSUMOS!$B:$B,0)),"")} -> m3 | E44: 0.715 | F44: {=IFERROR(INDEX(INSUMOS!$D:$D,MATCH(C44,INSUMOS!$B:$B,0)),"")} -> 110000 | H44: =IFERROR(G44*F44*E44+F44*E44,0) -> 78650
C45: AGUA | D45: {=IFERROR(INDEX(INSUMOS!$C:$C,MATCH(C45,INSUMOS!$B:$B,0)),"")} -> lts | E45: 170 | F45: {=IFERROR(INDEX(INSUMOS!$D:$D,MATCH(C45,INSUMOS!$B:$B,0)),"")} -> 182 | H45: =IFERROR(G45*F45*E45+F45*E45,0) -> 30940
C46: ARENA DE CONCRETO | D46: {=IFERROR(INDEX(INSUMOS!$C:$C,MATCH(C46,INSUMOS!$B:$B,0)),"")} -> m3 | E46: 0.715 | F46: {=IFERROR(INDEX(INSUMOS!$D:$D,MATCH(C46,INSUMOS!$B:$B,0)),"")} -> 135000 | H46: =IFERROR(G46*F46*E46+F46*E46,0) -> 96525
C47: Cemento Gris | D47: {=IFERROR(INDEX(INSUMOS!$C:$C,MATCH(C47,INSUMOS!$B:$B,0)),"")} -> sac | E47: 6 | F47: {=IFERROR(INDEX(INSUMOS!$D:$D,MATCH(C47,INSUMOS!$B:$B,0)),"")} -> 35280 | G47: 0.1 | H47: =IFERROR(G47*F47*E47+F47*E47,0) -> 232848
D48: {=IFERROR(INDEX(INSUMOS!$C:$C,MATCH(C48,INSUMOS!$B:$B,0)),"")} | F48: {=IFERROR(INDEX(INSUMOS!$D:$D,MATCH(C48,INSUMOS!$B:$B,0)),"")} | H48: =IFERROR(G48*F48*E48+F48*E48,0) -> 0
D49: {=IFERROR(INDEX(INSUMOS!$C:$C,MATCH(C49,INSUMOS!$B:$B,0)),"")} | F49: {=IFERROR(INDEX(INSUMOS!$D:$D,MATCH(C49,INSUMOS!$B:$B,0)),"")} | H49: =IFERROR(G49*F49*E49+F49*E49,0) -> 0
D50: {=IFERROR(INDEX(INSUMOS!$C:$C,MATCH(C50,INSUMOS!$B:$B,0)),"")} | F50: {=IFERROR(INDEX(INSUMOS!$D:$D,MATCH(C50,INSUMOS!$B:$B,0)),"")} | H50: =IFERROR(G50*F50*E50+F50*E50,0) -> 0
D51: {=IFERROR(INDEX(INSUMOS!$C:$C,MATCH(C51,INSUMOS!$B:$B,0)),"")} | F51: {=IFERROR(INDEX(INSUMOS!$D:$D,MATCH(C51,INSUMOS!$B:$B,0)),"")} | H51: =IFERROR(G51*F51*E51+F51*E51,0) -> 0
H52: Subtotal | I52: =SUM(H44:H51) -> 438963
C53: MANO DE OBRA
B54: CODIGO | C54: Descripción | D54: CANT | E54: Jornal Dia + Prest. | G54: Rend/Dia | H54: Vr. Unitario
C55: Ayudante raso | D55: 3 | F55: {=IFERROR(INDEX('MANO DE OBRA'!$J:$J,MATCH(C55,'MANO DE OBRA'!$B:$B,0)),"")} -> 103371.47 | G55: 3 | H55: =IFERROR((F55/G55)*D55,0) -> 103371.47
C56: Oficial de obra civil | D56: 1 | F56: {=IFERROR(INDEX('MANO DE OBRA'!$J:$J,MATCH(C56,'MANO DE OBRA'!$B:$B,0)),"")} -> 169529.21 | G56: =+G55 -> 3 | H56: =IFERROR(F56/G56,0) -> 56509.738
F57: {=IFERROR(INDEX('MANO DE OBRA'!$J:$J,MATCH(C57,'MANO DE OBRA'!$B:$B,0)),"")} | H57: =IFERROR(F57/G57,0) -> 0
H58: Subtotal | I58: =SUM(H55:H57) -> 159881.21
C59: EQUIPOS Y HERRAMIENTA
B60: CODIGO | C60: Descripción | D60: % | E60: Unidad | F60: Tarifa/Hora | G60: Rendimiento | H60: Vr. Unitario
C61: HERRAMIENTA MENOR | D61: 0.05 | F61: =+I58 -> 159881.21 | G61: 1 | H61: =IFERROR(G61*F61*D61,0) -> 7994.0605
C62: CONCRETADORA TROMPO ELECT.1SAC | F62: {=IFERROR(INDEX(INSUMOS!$D:$D,MATCH(C62,INSUMOS!$B:$B,0)),"")} -> 6500 | G62: 0.42 | H62: =IFERROR(G62*F62,0) -> 2730
F63: {=IFERROR(INDEX(INSUMOS!$D:$D,MATCH(C63,INSUMOS!$B:$B,0)),"")} | H63: =IFERROR(G63*F63,0) -> 0
H64: Subtotal | I64: =SUM(H61:H63) -> 10724.06
C65: TRANSPORTE
B66: CODIGO | C66: Descripción | D66: Unid. | E66: Distancia Km. | F66: Tarifa | G66: Cantidad | H66: Vr. Unitario
C67: ACARREO INTERNO | D67: 1 | E67: 1 | F67: =+I58 -> 159881.21 | G67: 0.01 | H67: =IFERROR(G67*F67*E67,0) -> 1598.8121
C68: Transporte Materiales | D68: {=IFERROR(INDEX(INSUMOS!$C:$C,MATCH(C68,INSUMOS!$B:$B,0)),"")} -> m3 | E68: 1 | F68: {=IFERROR(INDEX(INSUMOS!$D:$D,MATCH(C68,INSUMOS!$B:$B,0)),"")} -> 35000 | G68: 1.152 | H68: =IFERROR(G68*F68*E68,0) -> 40320
C69: TRANSP. BULTO CEMENTO | D69: {=IFERROR(INDEX(INSUMOS!$C:$C,MATCH(C69,INSUMOS!$B:$B,0)),"")} | E69: 1 | F69: =+H47*0.001 -> 232.848 | G69: 1 | H69: =IFERROR(G69*F69*E69,0) -> 232.848
H70: Subtotal | I70: =SUM(H67:H69) -> 42151.66
B72: ITEM | C72: CONCRETO 1:3:5 OBRA (2000psi) - 140K/CM2 | H72: % MAT | I72: % M.O.
H73: =IF(I76=0,0,I87/I76) -> 0.65067825 | I73: =IF(I76=0,0,I93/I76) -> 0.26255395
H74: % Eq y Hta | I74: % Ttes
B75: Unid. | H75: =IF(I76=0,0,I99/I76) -> 0.017610853 | I75: =IF(I76=0,0,I105/I76) -> 0.069156943
B76: m3 | H76: VALOR UNITARIO | I76: =SUM(I87:I105) -> 608946.12
C77: MATERIALES
B78: CODIGO | C78: Descripción | D78: Unid. | E78: Cantidad | F78: Precio Unit. | G78: % Desp | H78: Vr. Unitario
C79: TRIRURADO 1/2". | D79: {=IFERROR(INDEX(INSUMOS!$C:$C,MATCH(C79,INSUMOS!$B:$B,0)),"")} -> m3 | E79: 0.9 | F79: {=IFERROR(INDEX(INSUMOS!$D:$D,MATCH(C79,INSUMOS!$B:$B,0)),"")} -> 110000 | H79: =IFERROR(G79*F79*E79+F79*E79,0) -> 99000
C80: AGUA | D80: {=IFERROR(INDEX(INSUMOS!$C:$C,MATCH(C80,INSUMOS!$B:$B,0)),"")} -> lts | E80: 159 | F80: {=IFERROR(INDEX(INSUMOS!$D:$D,MATCH(C80,INSUMOS!$B:$B,0)),"")} -> 182 | H80: =IFERROR(G80*F80*E80+F80*E80,0) -> 28938
C81: ARENA DE CONCRETO | D81: {=IFERROR(INDEX(INSUMOS!$C:$C,MATCH(C81,INSUMOS!$B:$B,0)),"")} -> m3 | E81: 0.55 | F81: {=IFERROR(INDEX(INSUMOS!$D:$D,MATCH(C81,INSUMOS!$B:$B,0)),"")} -> 135000 | H81: =IFERROR(G81*F81*E81+F81*E81,0) -> 74250
C82: Cemento Gris | D82: {=IFERROR(INDEX(INSUMOS!$C:$C,MATCH(C82,INSUMOS!$B:$B,0)),"")} -> sac | E82: 5 | F82: {=IFERROR(INDEX(INSUMOS!$D:$D,MATCH(C82,INSUMOS!$B:$B,0)),"")} -> 35280 | G82: 0.1 | H82: =IFERROR(G82*F82*E82+F82*E82,0) -> 194040
D83: {=IFERROR(INDEX(INSUMOS!$C:$C,MATCH(C83,INSUMOS!$B:$B,0)),"")} | F83: {=IFERROR(INDEX(INSUMOS!$D:$D,MATCH(C83,INSUMOS!$B:$B,0)),"")} | H83: =IFERROR(G83*F83*E83+F83*E83,0) -> 0
D84: {=IFERROR(INDEX(INSUMOS!$C:$C,MATCH(C84,INSUMOS!$B:$B,0)),"")} | F84: {=IFERROR(INDEX(INSUMOS!$D:$D,MATCH(C84,INSUMOS!$B:$B,0)),"")} | H84: =IFERROR(G84*F84*E84+F84*E84,0) -> 0
D85: {=IFERROR(INDEX(INSUMOS!$C:$C,MATCH(C85,INSUMOS!$B:$B,0)),"")} | F85: {=IFERROR(INDEX(INSUMOS!$D:$D,MATCH(C85,INSUMOS!$B:$B,0)),"")} | H85: =IFERROR(G85*F85*E85+F85*E85,0) -> 0
D86: {=IFERROR(INDEX(INSUMOS!$C:$C,MATCH(C86,INSUMOS!$B:$B,0)),"")} | F86: {=IFERROR(INDEX(INSUMOS!$D:$D,MATCH(C86,INSUMOS!$B:$B,0)),"")} | H86: =IFERROR(G86*F86*E86+F86*E86,0) -> 0
H87: Subtotal | I87: =SUM(H79:H86) -> 396228
C88: MANO DE OBRA
B89: CODIGO | C89: Descripción | D89: CANT | E89: Jornal Dia + Prest. | G89: Rend/Dia | H89: Vr. Unitario
C90: Ayudante raso | D90: 3 | F90: {=IFERROR(INDEX('MANO DE OBRA'!$J:$J,MATCH(C90,'MANO DE OBRA'!$B:$B,0)),"")} -> 103371.47 | G90: 3 | H90: =IFERROR((F90/G90)*D90,0) -> 103371.47
C91: Oficial de obra civil | D91: 1 | F91: {=IFERROR(INDEX('MANO DE OBRA'!$J:$J,MATCH(C91,'MANO DE OBRA'!$B:$B,0)),"")} -> 169529.21 | G91: =+G90 -> 3 | H91: =IFERROR(F91/G91,0) -> 56509.738
F92: {=IFERROR(INDEX('MANO DE OBRA'!$J:$J,MATCH(C92,'MANO DE OBRA'!$B:$B,0)),"")} | H92: =IFERROR(F92/G92,0) -> 0
H93: Subtotal | I93: =SUM(H90:H92) -> 159881.21
C94: EQUIPOS Y HERRAMIENTA
B95: CODIGO | C95: Descripción | D95: % | E95: Unidad | F95: Tarifa/Hora | G95: Rendimiento | H95: Vr. Unitario
C96: HERRAMIENTA MENOR | D96: 0.05 | F96: =+I93 -> 159881.21 | G96: 1 | H96: =IFERROR(G96*F96*D96,0) -> 7994.0605
C97: CONCRETADORA TROMPO ELECT.1SAC | F97: {=IFERROR(INDEX(INSUMOS!$D:$D,MATCH(C97,INSUMOS!$B:$B,0)),"")} -> 6500 | G97: 0.42 | H97: =IFERROR(G97*F97,0) -> 2730
F98: {=IFERROR(INDEX(INSUMOS!$D:$D,MATCH(C98,INSUMOS!$B:$B,0)),"")} | H98: =IFERROR(G98*F98,0) -> 0
H99: Subtotal | I99: =SUM(H96:H98) -> 10724.06
C100: TRANSPORTE
B101: CODIGO | C101: Descripción | D101: Unid. | E101: Distancia Km. | F101: Tarifa | G101: Cantidad | H101: Vr. Unitario
C102: ACARREO INTERNO | D102: 1 | E102: 1 | F102: =+I93 -> 159881.21 | G102: 0.01 | H102: =IFERROR(G102*F102*E102,0) -> 1598.8121
C103: Transporte Materiales | D103: {=IFERROR(INDEX(INSUMOS!$C:$C,MATCH(C103,INSUMOS!$B:$B,0)),"")} -> m3 | E103: 1 | F103: {=IFERROR(INDEX(INSUMOS!$D:$D,MATCH(C103,INSUMOS!$B:$B,0)),"")} -> 35000 | G103: 1.152 | H103: =IFERROR(G103*F103*E103,0) -> 40320
...

Sheet MANO DE OBRA
B1: CALCULO DE JORNALES
B3: Salario mínimo 2026 | C3: 1750905 | E3: Aux. Transporte | F3: 249095
B5: CARGO | C5: CLASE | D5: # de Salarios mínimos | E5: SALARIO MENSUAL | F5: FACTOR PRESTACIONAL | G5: SALARIO MENSUAL + PRESTACIONES | H5: JORNAL | I5: PRESTACIONES | J5: JORNAL TOTAL | L5: FACTOR PRESTACIONAL | M5: RIESGO
B6: ALMACENISTA | C6: ADMINIST. | D6: 1.8176007 | E6: 2587354.6 | F6: =IF($M$8>E6,$M$24,$O$24) -> 0.77116643 | G6: =E6*(1+F6) -> 4582635.7 | H6: =E6/30 -> 86245.155 | I6: =H6*F6 -> 66509.368 | J6: =H6+I6 -> 152754.52 | M6: V | N6: I | O6: V
B7: AUXILIAR DE RESIDENCIA | C7: ADMINIST. | D7: 1.8176007 | E7: 2587354.6 | F7: =IF($M$8>E7,$M$24,$O$24) -> 0.77116643 | G7: =E7*(1+F7) -> 4582635.7 | H7: =E7/30 -> 86245.155 | I7: =H7*F7 -> 66509.368 | J7: =H7+I7 -> 152754.52 | M7: HASTA DE 2 SMLV | N7: HASTA DE 2 SMMLV | O7: MAS DE 2 SMMLV
B8: CADENERO 1 | C8: ADMINIST. | D8: 1.8176007 | E8: 2587354.6 | F8: =IF($M$8>E8,$M$24,$O$24) -> 0.77116643 | G8: =E8*(1+F8) -> 4582635.7 | H8: =E8/30 -> 86245.155 | I8: =H8*F8 -> 66509.368 | J8: =H8+I8 -> 152754.52 | M8: =+$C$3*2 -> 3501810 | N8: =+M8 -> 3501810 | O8: =+N8+1 -> 3501811
B9: COORDINADOR PROYECTO | C9: ADMINIST. | D9: 5.2682413 | E9: 7499341.5 | F9: =IF($M$8>E9,$M$24,$O$24) -> 0.6054 | G9: =E9*(1+F9) -> 12039443 | H9: =E9/30 -> 249978.05 | I9: =H9*F9 -> 151336.71 | J9: =H9+I9 -> 401314.76 | L9: AUXILIO TRANSPORTE | M9: =+F3/C3 -> 0.14226643 | N9: =+F3/C3 -> 0.14226643
B10: CONTADOR | C10: ADMINIST. | D10: 2.16 | E10: 3074760 | F10: =IF($M$8>E10,$M$24,$O$24) -> 0.77116643 | G10: =E10*(1+F10) -> 5445911.7 | H10: =E10/30 -> 102492 | I10: =H10*F10 -> 79038.39 | J10: =H10+I10 -> 181530.39 | L10: CESANTIAS | M10: 0.0833 | N10: 0.0833 | O10: 0.0833
B11: DIRECTOR DE INTERVENTORÍA | C11: ADMINIST. | D11: 5.2682413 | E11: 7499341.5 | F11: =IF($M$8>E11,$M$24,$O$24) -> 0.6054 | G11: =E11*(1+F11) -> 12039443 | H11: =E11/30 -> 249978.05 | I11: =H11*F11 -> 151336.71 | J11: =H11+I11 -> 401314.76 | L11: INT. CESANTIAS | M11: 0.01 | N11: 0.01 | O11: 0.01
B12: DIRECTOR DE OBRA | C12: ADMINIST. | D12: 5.2682413 | E12: 7499341.5 | F12: =IF($M$8>E12,$M$24,$O$24) -> 0.6054 | G12: =E12*(1+F12) -> 12039443 | H12: =E12/30 -> 249978.05 | I12: =H12*F12 -> 151336.71 | J12: =H12+I12 -> 401314.76 | L12: PRIMA | M12: 0.0833 | N12: 0.0833 | O12: 0.0833
B13: ING. ELECTRIC. ADMIN | C13: ADMINIST. | D13: 5.2682413 | E13: 7499341.5 | F13: =IF($M$8>E13,$M$24,$O$24) -> 0.6054 | G13: =E13*(1+F13) -> 12039443 | H13: =E13/30 -> 249978.05 | I13: =H13*F13 -> 151336.71 | J13: =H13+I13 -> 401314.76 | L13: VACACIONES | M13: 0.0417 | N13: 0.0417 | O13: 0.0417
B14: PERSONAL ADMINISTRATIVO | C14: ADMINIST. | D14: 1.72 | E14: 2448420 | F14: =IF($M$8>E14,$M$24,$O$24) -> 0.77116643 | G14: =E14*(1+F14) -> 4336559.3 | H14: =E14/30 -> 81614 | I14: =H14*F14 -> 62937.977 | J14: =H14+I14 -> 144551.98 | L14: SENA | M14: 0.02 | N14: 0.02 | O14: 0.02
B15: PROFESIONAL SST | C15: ADMINIST. | D15: 1.8176007 | E15: 2587354.6 | F15: =IF($M$8>E15,$M$24,$O$24) -> 0.77116643 | G15: =E15*(1+F15) -> 4582635.7 | H15: =E15/30 -> 86245.155 | I15: =H15*F15 -> 66509.368 | J15: =H15+I15 -> 152754.52 | L15: ICBF | M15: 0.03 | N15: 0.03 | O15: 0.03
B16: TECNOLOGO EN CONSTRUC O AFIN | C16: ADMINIST. | D16: 1.55 | E16: 2206425 | F16: =IF($M$8>E16,$M$24,$O$24) -> 0.77116643 | G16: =E16*(1+F16) -> 3907945.9 | H16: =E16/30 -> 73547.5 | I16: =H16*F16 -> 56717.363 | J16: =H16+I16 -> 130264.86 | L16: CAJAS | M16: 0.04 | N16: 0.04 | O16: 0.04
B17: TECNOLOGO EN SST | C17: ADMINIST. | D17: 1.55 | E17: 2206425 | F17: =IF($M$8>E17,$M$24,$O$24) -> 0.77116643 | G17: =E17*(1+F17) -> 3907945.9 | H17: =E17/30 -> 73547.5 | I17: =H17*F17 -> 56717.363 | J17: =H17+I17 -> 130264.86 | L17: FIC | M17: 0.0025 | N17: 0.0025 | O17: 0.0025
B18: RESIDENTE AMBIENTAL | C18: ADMINIST. | D18: 2.33 | E18: 3316755 | F18: =IF($M$8>E18,$M$24,$O$24) -> 0.77116643 | G18: =E18*(1+F18) -> 5874525.1 | H18: =E18/30 -> 110558.5 | I18: =H18*F18 -> 85259.004 | J18: =H18+I18 -> 195817.5 | L18: SALUD | M18: 0.085 | N18: 0.085 | O18: 0.085
B19: RESIDENTE DE INTERVENTORÍA | C19: ADMINIST. | D19: 2.33 | E19: 3316755 | F19: =IF($M$8>E19,$M$24,$O$24) -> 0.77116643 | G19: =E19*(1+F19) -> 5874525.1 | H19: =E19/30 -> 110558.5 | I19: =H19*F19 -> 85259.004 | J19: =H19+I19 -> 195817.5 | L19: PENSIONES | M19: 0.12 | N19: 0.12 | O19: 0.12
B20: RESIDENTE DE OBRA | C20: ADMINIST. | D20: 2.33 | E20: 3316755 | F20: =IF($M$8>E20,$M$24,$O$24) -> 0.77116643 | G20: =E20*(1+F20) -> 5874525.1 | H20: =E20/30 -> 110558.5 | I20: =H20*F20 -> 85259.004 | J20: =H20+I20 -> 195817.5 | L20: ARP | M20: 0.0696 | N20: 0.0052 | O20: 0.0696
B21: TOPÓGRAFO | C21: ADMINIST. | D21: 2.33 | E21: 3316755 | F21: =IF($M$8>E21,$M$24,$O$24) -> 0.77116643 | G21: =E21*(1+F21) -> 5874525.1 | H21: =E21/30 -> 110558.5 | I21: =H21*F21 -> 85259.004 | J21: =H21+I21 -> 195817.5 | L21: DOTACIÓN | M21: 0.0335 | N21: 0.0335 | O21: 0.01
B22: Ayudante carpintero | C22: OPERATIVO | D22: 1 | E22: =$C$3*D22 -> 1750905 | F22: =IF($M$8>E22,$M$24,$O$24) -> 0.77116643 | G22: =E22*(1+F22) -> 3101144.2 | H22: =E22/30 -> 58363.5 | I22: =H22*F22 -> 45007.972 | J22: =H22+I22 -> 103371.47 | L22: Examenes médicos ingreso y retiro | M22: 0.01 | N22: 0.01 | O22: 0.01
B23: Ayudante eléctrico | C23: OPERATIVO | D23: 1 | E23: =$C$3*D23 -> 1750905 | F23: =IF($M$8>E23,$M$24,$O$24) -> 0.77116643 | G23: =E23*(1+F23) -> 3101144.2 | H23: =E23/30 -> 58363.5 | I23: =H23*F23 -> 45007.972 | J23: =H23+I23 -> 103371.47
A24: 60030 | B24: Ayudante entendido | C24: OPERATIVO | D24: 1.29 | E24: =$C$3*D24 -> 2258667.5 | F24: =IF($M$8>E24,$M$24,$O$24) -> 0.77116643 | G24: =E24*(1+F24) -> 4000476 | H24: =E24/30 -> 75288.915 | I24: =H24*F24 -> 58060.284 | J24: =H24+I24 -> 133349.2 | L24: FACTOR PRESTACIONAL | M24: =SUM(M9:M22) -> 0.77116643 | N24: =SUM(N9:N22) -> 0.70676643 | O24: =SUM(O9:O22) -> 0.6054
A25: 60031 | B25: Ayudante plomero | C25: OPERATIVO | D25: 1 | E25: =$C$3*D25 -> 1750905 | F25: =IF($M$8>E25,$M$24,$O$24) -> 0.77116643 | G25: =E25*(1+F25) -> 3101144.2 | H25: =E25/30 -> 58363.5 | I25: =H25*F25 -> 45007.972 | J25: =H25+I25 -> 103371.47
A26: 60032 | B26: Ayudante raso | C26: OPERATIVO | D26: 1 | E26: =$C$3*D26 -> 1750905 | F26: =IF($M$8>E26,$M$24,$O$24) -> 0.77116643 | G26: =E26*(1+F26) -> 3101144.2 | H26: =E26/30 -> 58363.5 | I26: =H26*F26 -> 45007.972 | J26: =H26+I26 -> 103371.47
A27: 60033 | B27: Cadenero 1 operat. | C27: OPERATIVO | D27: 1.55 | E27: =$C$3*D27 -> 2713902.8 | F27: =IF($M$8>E27,$M$24,$O$24) -> 0.77116643 | G27: =E27*(1+F27) -> 4806773.4 | H27: =E27/30 -> 90463.425 | I27: =H27*F27 -> 69762.356 | J27: =H27+I27 -> 160225.78
A28: 60034 | B28: Ing. electric. oper. | C28: OPERATIVO | D28: 4.31 | E28: =$C$3*D28 -> 7546400.5 | F28: =IF($M$8>E28,$M$24,$O$24) -> 0.6054 | G28: =E28*(1+F28) -> 12114991 | H28: =E28/30 -> 251546.68 | I28: =H28*F28 -> 152286.36 | J28: =H28+I28 -> 403833.05
A29: 60035 | B29: Maestro primero | C29: OPERATIVO | D29: 2.3326222 | E29: =$C$3*D29 -> 4084199.9 | F29: =IF($M$8>E29,$M$24,$O$24) -> 0.6054 | G29: =E29*(1+F29) -> 6556774.5 | H29: =E29/30 -> 136140 | I29: =H29*F29 -> 82419.154 | J29: =H29+I29 -> 218559.15
A30: 60036 | B30: Oficial carpintero | C30: OPERATIVO | D30: 2.16 | E30: =$C$3*D30 -> 3781954.8 | F30: =IF($M$8>E30,$M$24,$O$24) -> 0.6054 | G30: =E30*(1+F30) -> 6071550.2 | H30: =E30/30 -> 126065.16 | I30: =H30*F30 -> 76319.848 | J30: =H30+I30 -> 202385.01
A31: 60037 | B31: Oficial de obra civil | C31: OPERATIVO | D31: 1.64 | E31: =$C$3*D31 -> 2871484.2 | F31: =IF($M$8>E31,$M$24,$O$24) -> 0.77116643 | G31: =E31*(1+F31) -> 5085876.4 | H31: =E31/30 -> 95716.14 | I31: =H31*F31 -> 73813.074 | J31: =H31+I31 -> 169529.21
A32: 60038 | B32: Oficial eléctrico | C32: OPERATIVO | D32: 2.16 | E32: =$C$3*D32 -> 3781954.8 | F32: =IF($M$8>E32,$M$24,$O$24) -> 0.6054 | G32: =E32*(1+F32) -> 6071550.2 | H32: =E32/30 -> 126065.16 | I32: =H32*F32 -> 76319.848 | J32: =H32+I32 -> 202385.01
A33: 60039 | B33: Oficial plomero | C33: OPERATIVO | D33: 2.16 | E33: =$C$3*D33 -> 3781954.8 | F33: =IF($M$8>E33,$M$24,$O$24) -> 0.6054 | G33: =E33*(1+F33) -> 6071550.2 | H33: =E33/30 -> 126065.16 | I33: =H33*F33 -> 76319.848 | J33: =H33+I33 -> 202385.01
A34: 60040 | B34: Oficial soldador | C34: OPERATIVO | D34: 2.16 | E34: =$C$3*D34 -> 3781954.8 | F34: =IF($M$8>E34,$M$24,$O$24) -> 0.6054 | G34: =E34*(1+F34) -> 6071550.2 | H34: =E34/30 -> 126065.16 | I34: =H34*F34 -> 76319.848 | J34: =H34+I34 -> 202385.01
A35: 60041 | B35: Pintor | C35: OPERATIVO | D35: 2.16 | E35: =$C$3*D35 -> 3781954.8 | F35: =IF($M$8>E35,$M$24,$O$24) -> 0.6054 | G35: =E35*(1+F35) -> 6071550.2 | H35: =E35/30 -> 126065.16 | I35: =H35*F35 -> 76319.848 | J35: =H35+I35 -> 202385.01
A36: 60042 | B36: Operador equipo liviano | C36: OPERATIVO | D36: 2.16 | E36: =$C$3*D36 -> 3781954.8 | F36: =IF($M$8>E36,$M$24,$O$24) -> 0.6054 | G36: =E36*(1+F36) -> 6071550.2 | H36: =E36/30 -> 126065.16 | I36: =H36*F36 -> 76319.848 | J36: =H36+I36 -> 202385.01
... A39: 60045 | B39: Vigilante | C39: OPERATIVO | D39: 2.16 | E39: =$C$3*D39 -> 3781954.8 | F39: =IF($M$8>E39,$M$24,$O$24) -> 0.6054 | G39: =E39*(1+F39) -> 6071550.2 | H39: =E39/30 -> 126065.16 | I39: =H39*F39 -> 76319.848 | J39: =H39+I39 -> 202385.01
A40: 60046 | B40: Personal adicional | D40: 0 | E40: =$C$3*D40 -> 0 | F40: =IF($M$8>E40,$M$24,$O$24) -> 0.77116643 | G40: =E40*(1+F40) -> 0 | H40: =E40/30 -> 0 | I40: =H40*F40 -> 0 | J40: =H40+I40 -> 0
A41: 60047 | B41: Personal adicional | D41: 0 | E41: =$C$3*D41 -> 0 | F41: =IF($M$8>E41,$M$24,$O$24) -> 0.77116643 | G41: =E41*(1+F41) -> 0 | H41: =E41/30 -> 0 | I41: =H41*F41 -> 0 | J41: =H41+I41 -> 0
A42: 60048 | B42: Personal adicional | D42: 0 | E42: =$C$3*D42 -> 0 | F42: =IF($M$8>E42,$M$24,$O$24) -> 0.77116643 | G42: =E42*(1+F42) -> 0 | H42: =E42/30 -> 0 | I42: =H42*F42 -> 0 | J42: =H42+I42 -> 0
A43: 60049
A44: 60050

Sheet FORM-AU
A1: PRESUPUESTO PROYECTO :
A2: ANALISIS DE AU
A3: Ítem | B3: Descripción | C3: Unidad | D3: Cantidad | E3: Valor/Mes Base + Prestaciones + viaticos | F3: Factor prestacional | G3: Dedicación | H3: Meses | I3: V/Parcial
A4: 1.0 | B4: Personal Profesional y Técnico | I4: =SUM(I5:I9) -> 11749050 | J4: =IFERROR(I4/$I$50,0) -> 0.071762995
A5: 1.1 | B5: DIRECTOR DE OBRA | C5: {=IFERROR(INDEX('MANO DE OBRA'!$C:$C,MATCH(B5,'MANO DE OBRA'!$B:$B,0)),"")} -> ADMINIST. | E5: =+VLOOKUP(B5,'MANO DE OBRA'!$B$6:$F$21,4,FALSE) -> 7499341.5 | F5: {=IFERROR(INDEX('MANO DE OBRA'!$F:$F,MATCH(B5,'MANO DE OBRA'!$B:$B,0))+1,"")} -> 1.6054 | I5: =IF(D5="","-",PRODUCT(D5:H5)) -> -
A6: 1.2 | B6: COORDINADOR PROYECTO | C6: {=IFERROR(INDEX('MANO DE OBRA'!$C:$C,MATCH(B6,'MANO DE OBRA'!$B:$B,0)),"")} -> ADMINIST. | E6: =+VLOOKUP(B6,'MANO DE OBRA'!$B$6:$F$21,4,FALSE) -> 7499341.5 | F6: {=IFERROR(INDEX('MANO DE OBRA'!$F:$F,MATCH(B6,'MANO DE OBRA'!$B:$B,0))+1,"")} -> 1.6054 | I6: =IF(D6="","-",PRODUCT(D6:H6)) -> -
A7: 1.3 | B7: RESIDENTE DE OBRA | C7: {=IFERROR(INDEX('MANO DE OBRA'!$C:$C,MATCH(B7,'MANO DE OBRA'!$B:$B,0)),"")} -> ADMINIST. | D7: 1 | E7: =+VLOOKUP(B7,'MANO DE OBRA'!$B$6:$F$21,4,FALSE) -> 3316755 | F7: {=IFERROR(INDEX('MANO DE OBRA'!$F:$F,MATCH(B7,'MANO DE OBRA'!$B:$B,0))+1,"")} -> 1.7711664 | G7: 1 | H7: 2 | I7: =IF(D7="","-",PRODUCT(D7:H7)) -> 11749050
A8: 1.4 | B8: PROFESIONAL SST | C8: {=IFERROR(INDEX('MANO DE OBRA'!$C:$C,MATCH(B8,'MANO DE OBRA'!$B:$B,0)),"")} -> ADMINIST. | E8: =+VLOOKUP(B8,'MANO DE OBRA'!$B$6:$F$21,4,FALSE) -> 2587354.6 | F8: {=IFERROR(INDEX('MANO DE OBRA'!$F:$F,MATCH(B8,'MANO DE OBRA'!$B:$B,0))+1,"")} -> 1.7711664
A9: 1.5 | B9: =+'MANO DE OBRA'!B17 -> TECNOLOGO EN SST | C9: {=IFERROR(INDEX('MANO DE OBRA'!$C:$C,MATCH(B9,'MANO DE OBRA'!$B:$B,0)),"")} -> ADMINIST. | E9: =+VLOOKUP(B9,'MANO DE OBRA'!$B$6:$F$21,4,FALSE) -> 2206425 | F9: {=IFERROR(INDEX('MANO DE OBRA'!$F:$F,MATCH(B9,'MANO DE OBRA'!$B:$B,0))+1,"")} -> 1.7711664 | I9: =IF(D9="","-",PRODUCT(D9:H9)) -> -
A10: 2 | B10: Personal Operativo y Administrativo | I10: =SUM(I11:I15) -> 0 | J10: =+I10/$I$50 -> 0
A11: 2.1 | I11: =IF(D11="","-",PRODUCT(D11:H11)) -> -
A12: 2.2 | C12: {=IFERROR(INDEX('MANO DE OBRA'!$C:$C,MATCH(B12,'MANO DE OBRA'!$B:$B,0)),"")} | E12: {=IFERROR(INDEX('MANO DE OBRA'!$G:$G,MATCH(B12,'MANO DE OBRA'!$B:$B,0)),"")} | F12: {=IFERROR(INDEX('MANO DE OBRA'!$F:$F,MATCH(B12,'MANO DE OBRA'!$B:$B,0))+1,"")} | I12: =IF(D12="","-",PRODUCT(D12:H12)) -> -
A13: 2.3 | C13: {=IFERROR(INDEX('MANO DE OBRA'!$C:$C,MATCH(B13,'MANO DE OBRA'!$B:$B,0)),"")} | E13: {=IFERROR(INDEX('MANO DE OBRA'!$G:$G,MATCH(B13,'MANO DE OBRA'!$B:$B,0)),"")} | F13: {=IFERROR(INDEX('MANO DE OBRA'!$F:$F,MATCH(B13,'MANO DE OBRA'!$B:$B,0))+1,"")} | I13: =IF(D13="","-",PRODUCT(D13:H13)) -> -
A14: 2.4 | C14: {=IFERROR(INDEX('MANO DE OBRA'!$C:$C,MATCH(B14,'MANO DE OBRA'!$B:$B,0)),"")} | E14: {=IFERROR(INDEX('MANO DE OBRA'!$G:$G,MATCH(B14,'MANO DE OBRA'!$B:$B,0)),"")} | F14: {=IFERROR(INDEX('MANO DE OBRA'!$F:$F,MATCH(B14,'MANO DE OBRA'!$B:$B,0))+1,"")} | I14: =IF(D14="","-",PRODUCT(D14:H14)) -> -
A15: 2.5 | C15: {=IFERROR(INDEX('MANO DE OBRA'!$C:$C,MATCH(B15,'MANO DE OBRA'!$B:$B,0)),"")} | E15: {=IFERROR(INDEX('MANO DE OBRA'!$G:$G,MATCH(B15,'MANO DE OBRA'!$B:$B,0)),"")} | F15: {=IFERROR(INDEX('MANO DE OBRA'!$F:$F,MATCH(B15,'MANO DE OBRA'!$B:$B,0))+1,"")} | I15: =IF(D15="","-",PRODUCT(D15:H15)) -> -
A16: 3 | B16: Personal Ambiental | I16: =SUM(I17) -> 0 | J16: =IFERROR(I16/$I$50,0) -> 0
A17: 3.1 | B17: RESIDENTE AMBIENTAL | C17: {=IFERROR(INDEX('MANO DE OBRA'!$C:$C,MATCH(B17,'MANO DE OBRA'!$B:$B,0)),"")} -> ADMINIST. | E17: {=IF(D17="","",IFERROR(INDEX('MANO DE OBRA'!$G:$G,MATCH(B17,'MANO DE OBRA'!$B:$B,0)),""))} | F17: {=IFERROR(INDEX('MANO DE OBRA'!$F:$F,MATCH(B17,'MANO DE OBRA'!$B:$B,0))+1,"")} -> 1.7711664 | I17: =IF(D17="","-",PRODUCT(D17:H17)) -> -
A18: 4 | B18: Servicios Publicos e Instalaciones Provisionales | D18: Cantidad | E18: Valor | F18: Meses | I18: =SUM(I19:I20) -> 0 | J18: =IFERROR(I18/$I$50,0) -> 0
A19: 4.1 | B19: Oficina, almacen de materiales (incluye servicios publicos y demás estructuras y servicios para su perfecto funcionamiento) | C19: Global | D19: 0 | E19: 1000000 | F19: 2.5 | I19: =IF(D19="","-",PRODUCT(D19:H19)) -> 0
I20: =PRODUCT(D20:H20) -> 0
A21: 5 | B21: Papelería y equipos de oficina | D21: Cantidad | E21: Valor | F21: Meses | I21: =SUM(I22:I24) -> 0 | J21: =IFERROR(I21/$I$50,0) -> 0
A22: 5.1 | B22: Alquiler de equipo de oficina, incluye muebles y enseres, computador, impresora. | C22: mes | I22: =IF(D22="","-",PRODUCT(D22:H22)) -> -
A23: 5.2 | B23: Papelería, tinta, fotocopias y otroS | C23: mes | I23: =IF(D23="","-",PRODUCT(D23:H23)) -> -
I24: =IF(D24="","-",PRODUCT(D24:H24)) -> -
A25: 6 | B25: Laboratorio, estudios, diseños y certificados | I25: =SUM(I26:I28) -> 0 | J25: =IFERROR(I25/$I$50,0) -> 0
A26: 6.1 | I26: =IF(D26="","-",PRODUCT(D26:H26)) -> -
A27: 6.2 | I27: =IF(D27="","-",PRODUCT(D27:H27)) -> -
A28: 6.3 | I28: =IF(D28="","-",PRODUCT(D28:H28)) -> -
A32: 7 | B32: Impacto Comunitario - Valla | D32: Cantidad | E32: Valor | I32: =SUM(I33:I35) -> 1100000 | J32: =IFERROR(I32/$I$50,0) -> 0.0067187809
A33: 7.1 | B33: Suministro, transporte e instalación de Valla de 4,00mt X 2,00mt (según manual de comunicaciones) | C33: un | D33: 2 | E33: 550000 | I33: =IF(D33="","-",PRODUCT(D33:H33)) -> 1100000
I34: =IF(D34="","-",PRODUCT(D34:H34)) -> -
I35: =IF(D35="","-",PRODUCT(D35:H35)) -> -
A36: 8 | B36: Pólizas | I36: =+I37 -> 0 | J36: =IFERROR(I36/$I$50,0) -> 0
A37: 8.1 | B37: Pólizas | C37: global
A38: 9 | B38: Impuestos
A39: 9.1 | B39: Impuestos Retenciones y Deducciones | I39: =SUM(I40) -> 25211685 | J39: =IFERROR(I39/$I$50,0) -> 0.15399253
A40: 9,1,1 | B40: Estampillas municipales. | H40: =+ESTAMPILLAS!$D$13 -> 0.134 | I40: =+ESTAMPILLAS!F13 -> 25211685
A41: 10 | B41: Impuestos Nacionales | I41: =+I42 -> 11205193 | J41: =IFERROR(I41/$I$50,0) -> 0.068441127
A42: 10.1 | B42: Impuesto de Contribución especial 5% (del costo total incluido AU) | H42: 0.05 | I42: =+H42*ESTAMPILLAS!D3 -> 11205193
A43: 10.2 | B43: IMPUESTO 4xMIL | H43: 0.5 | I43: =(CAPITULOS!$D$38-CAPITULOS!$D$32-'FORM-AU'!$I$40+I42)*(4/1000)*$H$43 -> 421036.82
B46: Administración | G46: A | H46: =IFERROR(I46/I50,0) -> 0.30220128 | I46: =SUM(I4:I44)/2 -> 49476447
B47: Utilidad | G47: U | H47: 0.05 | I47: =I50*H47 -> 8186008.8
B48: TOTAL AU (Suma de A + U ) | I48: =+I46+I47 -> 57662456
B49: Plan de gestion Integral de la Obra | G49: PGIO | I49: =+PGIO!G53 -> 1444227
B50: COSTO DIRECTO | I50: =+ACTIVIDADES!G206 -> 1.6372018e+08 | J50: =+I50 -> 1.6372018e+08
B51: COSTO TOTAL (Costo Directo + Total AIU + PGIO) | I51: =+I50+I48+I49 -> 2.2282686e+08 | J51: =+I51 -> 2.2282686e+08
B53: NOTA
B54: *Se debe diligenciar las casillas color verde.

Sheet POLIZAS
A1: COSTO POLIZAS
A3: valor total de la obra | B3: =+ACTIVIDADES!G226 -> 2.245249e+08 | C3: =+B3/B12 -> 128.23363 | D3: SMMLV | E3: IVA | F3: 0.19
A5: Poliza | B5: Pocentaje Asegurado | D5: tiempo de amparo años | E5: prima | F5: IVA | G5: total
A6: Seriedad de la oferta
A7: Cumplimiento | B7: 0.3 | C7: 0.004 | D7: 1 | E7: =$B$3*B7*C7*D7 -> 269429.88 | F7: =E7*$F$3 -> 51191.678 | G7: =ROUND(E7+F7,0) -> 320622
A8: Buen manejo del anticipo | C8: 0.004 | D8: 0.5 | E8: =$B$3*B8*C8*D8 -> 0 | F8: =E8*$F$3 -> 0 | G8: =ROUND(E8+F8,0) -> 0
A9: Pago de Salarios | B9: 0.15 | C9: 0.004 | D9: 3.5 | E9: =$B$3*B9*C9*D9 -> 471502.3 | F9: =E9*$F$3 -> 89585.437 | G9: =ROUND(E9+F9,0) -> 561088
A10: Estabilidad de obra | B10: 0.3 | C10: 0.004 | D10: 2 | E10: =$B$3*B10*C10*D10 -> 538859.77 | F10: =E10*$F$3 -> 102383.36 | G10: =ROUND(E10+F10,0) -> 641243
A11: DECRETO 1082 SMMLV RESPONSABILIDAD CIVIL | B11: SMMLV | C11: MONTO ASEGURABLE | E11: PLAZO MESES | F11: TASA ANUAL | G11: PRIMA
A12: =+IF(B3="","",IF(C3<=1500,200,IF(C7<=2500,300,IF(C7<=5000,400,IF(C7<=10000,500,"5%"))))) -> 200 | B12: =+'[1]MANO DE OBRA'!C3 -> 1750905 | C12: =+IFERROR(IF(C3>10000,B3+5%,A12*B12),"") -> 350181000 | E12: =+CRONOGRAMA!$H$27 -> 2 | F12: 0.003 | G12: =+ROUND(IFERROR(F12*E12*C12/12,""),0) -> 175091
E14: COSTO TOTAL POLIZAS | G14: =SUM(G7:G12) -> 1698044
A16: NOTA
A17: *Para el calculo de las polizas, los porcentajes seran definidos de acuerdo al tipo de contratacion que realice el municipio.

Sheet ESTAMPILLAS
A1: CALCULO DEL COSTO DE LAS ESTAMPILLAS
B3: Costo de Obra | D3: =ACTIVIDADES!G226-'FORM-AU'!I43 -> 2.2410387e+08
A5: cod | B5: ESTAMPILLA PRO ADULTO MAYOR | C5: % | D5: 0.04 | E5: =$D$3 -> 2.2410387e+08 | F5: =D5*E5 -> 8964154.7
A6: cod | B6: ESTAMPILLA PRO CULTURA | C6: % | D6: 0.015 | E6: =$D$3 -> 2.2410387e+08 | F6: =D6*E6 -> 3361558
A7: cod | B7: ESTAMPILLA PRO HOSPITAL | C7: % | D7: 0.01 | E7: =$D$3 -> 2.2410387e+08 | F7: =D7*E7 -> 2241038.7
A8: cod | B8: ESTAMPILLA PRO DEPORTE | C8: % | D8: 0.02 | E8: =+ACTIVIDADES!G230-'FORM-AU'!I43*ACTIVIDADES!F230 -> 67231160 | F8: =D8*E8 -> 1344623.2
A9: cod | B9: ESTAMPILLA PRO JUSTICIA FAMILAR | C9: % | D9: 0.02 | E9: =$D$3 -> 2.2410387e+08 | F9: =D9*E9 -> 4482077.3
A10: cod | B10: ESTAMPILLA PRO POLITECNICO | C10: % | D10: 0.004 | E10: =$D$3 -> 2.2410387e+08 | F10: =D10*E10 -> 896415.47
B11: ESTAMPILLA PRODEPORTE GOBERNACION | C11: % | D11: 0.025 | E11: =+F20-ACTIVIDADES!J231 -> 1.5687271e+08 | F11: =D11*E11 -> 3921817.7
B13: Costo Total tasas y estampillas | D13: =SUM(D5:D12) -> 0.134 | F13: =+F5+F6+F7+F8+F9+F10+F11 -> 25211685
B15: NOTA
B16: *Diligenciar el cuadro de estampillas de acuerdo a la espcificacion y porcentaje vigente de cada municipio y adjuntar pantallazo de la certificacion. *En las casillas verdes se debera colocar el porcentaje correspondiente a cada una de las estampillas. *En las casillas azules se debera modificar el nombre de la estampilla segun corresponda a cada municipio. *No calcular dentro de este cuadro el impuesto del 5% de contribucion especial, el cual esta referenciado en la pestaña "FORM-AU"
D20: APORTE GOBERNACION | F20: =+ACTIVIDADES!G229 -> 1.5716743e+08
D21: Base para cobro estampilla Prodeporte Gobernación

Sheet FORM-INTER
A1: MUNICIPIO
A2: INTERVENTORÍA TÉCNICA, ADMINISTRATIVA, FINANCIERA, LEGAL Y AMBIENTAL
A3: PRESUPUESTO INTERVENTORÍA
A4: ITEM | B4: CARGO/OFICIO | C4: CANTIDAD | D4: SUELDO Y/O TARIFA MENSUAL | E4: DEDICACIÓN | F4: DURACIÓN (Mes) | G4: VALOR PARCIAL ($)
A5: A. | B5: COSTOS DIRECTOS DE PERSONAL
A6: 1 | B6: Personal Profesional
A7: 1.1 | B7: DIRECTOR DE INTERVENTORÍA | D7: =+VLOOKUP(B7,'MANO DE OBRA'!$B$6:$E$21,4,FALSE) -> 7499341.5 | G7: =IFERROR(IF(C7="","-",D7*E7*F7*C7),0) -> -
A8: 1.2 | B8: RESIDENTE DE INTERVENTORÍA | D8: =+VLOOKUP(B8,'MANO DE OBRA'!$B$6:$E$21,4,FALSE) -> 3316755 | G8: =IFERROR(IF(C8="","-",D8*E8*F8*C8),0) -> -
A9: 1.3 | B9: AUXILIAR DE RESIDENCIA | D9: =+VLOOKUP(B9,'MANO DE OBRA'!$B$6:$E$21,4,FALSE) -> 2587354.6 | G9: =IFERROR(IF(C9="","-",D9*E9*F9*C9),0) -> -
A10: 1.4 | D10: =+VLOOKUP(B10,'MANO DE OBRA'!$B$6:$E$21,4,FALSE) -> #N/A | G10: =IFERROR(IF(C10="","-",D10*E10*F10*C10),0) -> -
A11: 1.5 | B11: PROFESIONAL SST | D11: =+VLOOKUP(B11,'MANO DE OBRA'!$B$6:$E$21,4,FALSE) -> 2587354.6 | G11: =IFERROR(IF(C11="","-",D11*E11*F11*C11),0) -> -
A12: 1.6 | B12: RESIDENTE AMBIENTAL | D12: =+VLOOKUP(B12,'MANO DE OBRA'!$B$6:$E$21,4,FALSE) -> 3316755 | G12: =IFERROR(IF(C12="","-",D12*E12*F12*C12),0) -> -
A13: 1.7 | B13: =+'MANO DE OBRA'!B17 -> TECNOLOGO EN SST | D13: =+VLOOKUP(B13,'MANO DE OBRA'!$B$6:$E$21,4,FALSE) -> 2206425 | G13: =IFERROR(IF(C13="","-",D13*E13*F13*C13),0) -> -
B14: Subtotal Costos Directos de Personal | G14: =SUM(G7:G13) -> 0
F15: ARL | G15: MAS DE 2 SMMLV - RIEGO V
C16: FACTOR MULTIPLICADOR | G16: =+'FACTOR XDOR'!F35 -> 1.75
F17: TOTAL COSTOS DE PERSONAL INCLUIDO FACTOR MUTIPLICADOR (A) | G17: =G14*G16 -> 0
A18: B. | B18: OTROS COSTOS
B19: DESCRIPCIÓN | C19: UNIDAD | D19: CANTIDAD | E19: VALOR UNITARIO | F19: DURACION | G19: VALOR PARCIAL ($)
A20: 1 | B20: PAPELERIA Y COPIAS | C20: mes | G20: =IFERROR(IF(D20="","-",D20*E20*F20),0) -> -
A21: 2 | B21: SERVICIOS PUBLICOS (Incluye energia, agua e internet) | C21: mes | G21: =IFERROR(IF(D21="","-",D21*E21*F21),0) -> -
A22: 3 | B22: ALQUILER OFICINA CENTRAL | C22: mes | G22: =IFERROR(IF(D22="","-",D22*E22*F22),0) -> -
A23: 4 | B23: AJUSTES DE DISEÑOS ESTRUCTURALES | C23: Un | G23: =IFERROR(IF(D23="","-",D23*E23*F23),0) -> -
A24: 5 | B24: EQUIPOS DE COMPUTO Y MUEBLES | C24: mes | G24: =IFERROR(IF(D24="","-",D24*E24*F24),0) -> -
A25: 6 | B25: POLIZAS | C25: GB | E25: =IFERROR('POL INTERV'!H22,"") | G25: =IFERROR(IF(E25="","",E25),0)
G26: =IFERROR(IF(D26="","-",D26*E26*F26),0) -> -
G27: =IFERROR(IF(D27="","-",D27*E27*F27),0) -> -
G28: =IFERROR(IF(D28="","-",D28*E28*F28),0) -> -
G29: =IFERROR(IF(D29="","-",D29*E29*F29),0) -> -
G30: =IFERROR(IF(D30="","-",D30*E30*F30),0) -> -
B32: SUBTOTAL OTROS COSTOS DIRECTOS (B) | G32: =SUM(G20:G31) -> 0
F34: TOTAL COSTOS DE PERSONAL + OTROS COSTOS DIRECTOS (A+B) | G34: =G17+G32 -> 0
E35: IVA% | F35: 0.19 | G35: =G34*F35 -> 0
F36: VALOR TOTAL DE LA OFERTA INCLUIDO EL IVA | G36: =G34+G35 -> 0
B38: NOTA
B39: *Se calculará solamente si el municipio requiere o decide para el proyecto contratar la interventoria, de lo contrario el municipio se encargará de hacer las revisiones correspondientes. * Se deben diligenciar las celdas de color verde.

Sheet FACTOR XDOR
A1: FACTOR MULTIPLICADOR INTERVENTORÍA
E2: RIESGO | F2: VI | G2: RIESGO | H2: I | I2: RIESGO | J2: V
E3: MAS DE 2 SMMLV | G3: HASTA DE 2 SMMLV | I3: HASTA DE 2 SMLV
A5: ITEM | B5: DESCRIPCION | E5: PORCENTAJE PARCIAL | F5: PORCENTAJE TOTAL | G5: PORCENTAJE PARCIAL | H5: PORCENTAJE TOTAL | I5: PORCENTAJE PARCIAL | J5: PORCENTAJE TOTAL
A6: A | B6: SALARIO BÁSICO | F6: =SUM(E7) -> 100 | H6: =SUM(G7) -> 100 | J6: =SUM(I7) -> 100
B7: Nómina Total Mensual | E7: 100 | G7: 100 | I7: 100
A9: B | B9: PRESTACIONES SOCIALES | F9: =SUM(E10:E25) -> 59.54 | H9: =SUM(G10:G25) -> 69.499877 | J9: =SUM(I10:I25) -> 75.939877
B10: AUXILIO TRANSPORTE | G10: 14.049877 | I10: 14.049877
B11: CESANTIAS | E11: 8.33 | G11: 8.33 | I11: 8.33
B12: INT. CESANTIAS | E12: 1 | G12: 1 | I12: 1
B13: PRIMA | E13: 8.33 | G13: 8.33 | I13: 8.33
B14: VACACIONES | E14: 4.17 | G14: 4.17 | I14: 4.17
B15: SENA | E15: 2 | G15: 2 | I15: 2
B16: ICBF | E16: 3 | G16: 3 | I16: 3
B17: CAJAS | E17: 4 | G17: 4 | I17: 4
B18: FIC | E18: 0.25 | G18: 0.25 | I18: 0.25
B19: SALUD | E19: 8.5 | G19: 8.5 | I19: 8.5
B20: PENSIONES | E20: 12 | G20: 12 | I20: 12
B21: ARP | E21: 6.96 | G21: 0.52 | I21: 6.96
B22: DOTACIÓN | E22: 1 | G22: 3.35 | I22: 3.35
B23: Examenes médicosingreso y retiro
A27: C | B27: COSTOS INDIRECTOS ADMINISTRATIVOS | F27: =+E28 -> 0 | H27: =+G28 -> 0 | J27: =+I28 -> 0
A29: D | B29: COSTOS DE TASAS Y CONTRIBUCIONES (A+B)* | F29: =SUM(E30:E31) -> 0 | H29: =SUM(G30:G31) -> 0 | J29: =SUM(I30:I31) -> 0
A32: E | B32: HONORARIOS (UTILIDADES) 10% de (A+B+C+D) | C32: 0.1 | D32: (A+B+C) | F32: =(F29+F9+F6)*C32 -> 15.954 | H32: =(H29+H9+H6)*C32 -> 16.949988 | J32: =(J29+J9+J6)*C32 -> 17.593988
B33: TOTAL A+B+C+D | E33: Redondeado | F33: =+ROUND(SUM(F6:F32),0) -> 175 | G33: Redondeado | H33: =+ROUND(SUM(H6:H32),0) -> 186 | I33: Redondeado | J33: =+ROUND(SUM(J6:J32),0) -> 194
A35: FACTOR MULTIPLICADOR % | F35: =F33/100 -> 1.75 | H35: =H33/100 -> 1.86 | J35: =J33/100 -> 1.94

Sheet POL INTERV
B2: DEPARTAMENTO DE ANTIOQUIA
B3: 0
B4: INTERVENTORÍA TÉCNICA, ADMINISTRATIVA, FINANCIERA, LEGAL Y AMBIENTAL PARA EL MEJORAMIENTO Y ADECUACIÓN DE INFRAESTRUCTURA EDUCATIVA
B6: CÁLCULO DE PÓLIZAS DE INTERVENTORÍA
B8: VALOR DEL CONTRATO ( $ ) | C8: =+'FORM-INTER'!G36 -> 0 | D8: =+IFERROR(C8/C18,"") -> 0
B9: PLAZO DEL CONTRATO | C9: =+'FORM-INTER'!$F$8 -> 0 | D9: =+IFERROR(C9*30,"") -> 0
B12: TIPO DE GARANTÍA | C12: VALOR ASEGURADO | F12: COBERTURA ( DÍAS ) | G12: TASA ANUAL | H12: PRIMA
C13: % | D13: BASE | E13: VALOR
B14: CUMPLIMIENTO | C14: 0.2 | D14: =+$C$8 -> 0 | E14: =+IFERROR(C14*D14,"") -> 0 | F14: =+IFERROR($D$9+180,"") -> 180 | G14: 0.002 | H14: =+IFERROR(G14*E14*F14/360,"") -> 0
B15: SALARIOS Y PRESTACIONES SOCIALES | C15: 0.2 | D15: =+$C$8 -> 0 | E15: =+IFERROR(C15*D15,"") -> 0 | F15: =+IFERROR($D$9+1080,"") -> 1080 | G15: 0.0015 | H15: =+IFERROR(G15*E15*F15/360,"") -> 0
B16: CALIDAD DEL SERVICIO | C16: 0.2 | D16: =+$C$8 -> 0 | E16: =+IFERROR(C16*D16,"") -> 0 | F16: =+IF($C$8="","",1800) -> 1800 | G16: 0.0022 | H16: =+IFERROR(G16*E16*F16/360,"") -> 0
B17: DECRETO 1082 SMMLV RESPONSABILIDAD CIVIL | C17: SMMLV | D17: MONTO ASEGURABLE | F17: PLAZO MESES | G17: TASA ANUAL | H17: PRIMA
B18: =IF(C8="","",IF(D8<=1500,200,IF(D8<=2500,300,IF(D8<=5000,400,IF(D8<=10000,500,"5%"))))) -> 200 | C18: =+'MANO DE OBRA'!C3 -> 1750905 | D18: =+IFERROR(IF(D8>10000,D8+5%,B18*C18),"") -> 350181000 | F18: =+$C$9 -> 0 | G18: 0.002 | H18: =+IFERROR(G18*F18*D18/12,"") -> 0
B19: SUBTOTAL PRIMA | H19: =IFERROR(ROUND(IF(SUM(H14:H16,H18)=0,"",SUM(H14:H16,H18)),0),"")
B20: GASTOS DE EXPEDICIÓN | H20: =IFERROR(ROUND(IF(SUM(H15:H17,H19)=0,"",SUM(H15:H17,H19)),0),"")
B21: I.V.A. | H21: =IFERROR(ROUND(IF(SUM(H16:H18,H20)=0,"",SUM(H16:H18,H20)),0),"")
B22: TOTAL POLIZAS | H22: =IFERROR(ROUND(IF(SUM(H17:H19,H21)=0,"",SUM(H17:H19,H21)),0),"")
B23: % DEL COSTO DIRECTO DEL PERSONAL | H23: =+IFERROR(ROUND(H22/#REF!,4),"")

Sheet PGIO
B2: PLAN DE GESTION INTEGRAL DE OBRA (PGIO)
B3: SECRETARIA DE EDUCACION- INFRAESTRUCTURA
B4: MUNICIPIO DE BETANIA
B6: ÍTEM | C6: DESCRIPCIÓN | D6: UNIDAD | E6: CANTIDAD | F6: VALOR UNITARIO | G6: VALOR TOTAL | I6: 1.06
B7: 1 | C7: GESTIÓN SOCIAL Y COMUNICACIONES | G7: =+G8+G10+G14 -> 613759.08
B8: 1.1 | C8: Participación | G8: =SUM(G9) -> 454759.08
B9: 1.1.1 | C9: Reuniones con la comunidad de inicio y fin de obra. Incluye logística y refrigerio. | D9: un | E9: 1 | F9: =+I9*$I$6 -> 454759.08 | G9: =IF(E9="","-",E9*F9) -> 454759.08 | I9: 429018
B10: 1.2 | C10: Comunicación y divulgación | G10: =SUM(G11:G13) -> 159000
B11: 1.2.1 | C11: Afiches | D11: un | E11: 0 | F11: =+I11*$I$6 -> 3710 | G11: =IF(E11="","-",E11*F11) -> 0 | I11: 3500
B12: 1.2.2 | C12: Volantes según manual de imagen | D12: un | E12: 0 | F12: =+I12*$I$6 -> 689 | G12: =IF(E12="","-",E12*F12) -> 0 | I12: 650
B13: 1.2.5 | C13: Cartelera informativa de 1,2 m x 0,80 m en corcho | D13: un | E13: 1 | F13: =+I13*$I$6 -> 159000 | G13: =IF(E13="","-",E13*F13) -> 159000 | I13: 150000
B14: 1.3 | C14: Sostenibilidad | G14: =SUM(G15) -> 0
B15: 1.3.1 | C15: Capacitaciones comité de obra (incluye logística y refrigerio) | D15: un | E15: 0 | F15: =+I15*$I$6 -> 614800 | G15: =IF(E15="","-",E15*F15) -> 0 | I15: 580000
B16: 2 | C16: GESTIÓN AMBIENTAL | G16: =+G17+G21+G24+G27+G29+G31+G33 -> 187111.2
B17: 2.1 | C17: Manejo de Residuos Sólidos (Comunes y especiales) | G17: =SUM(G18:G20) -> 47700
B18: 2.1 | C18: Caneca de 55 galones con tapa y debidamente rotulada (recipientes para residuos ordinarios, reciclables y especiales) | D18: un | E18: 1 | F18: =+I18*$I$6 -> 47700 | G18: =IF(E18="","-",E18*F18) -> 47700 | I18: 45000
B19: 2.2 | C19: Construcción de caseta para el acopio de residuos sólidos comunes. | D19: un | E19: 0 | F19: =+I19*$I$6 -> 137800 | G19: =IF(E19="","-",E19*F19) -> 0 | I19: 130000
B20: 2.3 | C20: Recolección de residuos especiales por parte de una empresa autorizada | D20: un | E20: 0 | F20: =+I20*$I$6 -> 47700 | G20: =IF(E20="","-",E20*F20) -> 0 | I20: 45000
B21: 2.2 | C21: Emisiones Atmosféricas | G21: =SUM(G22:G23) -> 0
B22: 2.2.1 | C22: Manguera para agua | D22: m | E22: 0 | F22: =+I22*$I$6 -> 3710 | G22: =IF(E22="","-",E22*F22) -> 0 | I22: 3500
B23: 2.2.2 | C23: Plástico negro, calibre 4 y ancho de 3m | D23: kg | E23: 0 | F23: =+I23*$I$6 -> 5300 | G23: =IF(E23="","-",E23*F23) -> 0 | I23: 5000
B24: 2.3 | C24: Almacenamiento adecuado de materiales de construcción | G24: =SUM(G25:G26) -> 139411.2
B25: 2.3.1 | C25: Teleras de 1.35 m x 0.90 m para campamentos | D25: un | E25: 0 | F25: =+I25*$I$6 -> 31800 | G25: =IF(E25="","-",E25*F25) -> 0 | I25: 30000
B26: 2.3.2 | C26: Plástico negro, calibre 4 y ancho de 3m | D26: kg | E26: 26.304 | F26: =+I26*$I$6 -> 5300 | G26: =IF(E26="","-",E26*F26) -> 139411.2 | I26: 5000
B27: 2.4 | C27: Protección para el suelo | G27: =SUM(G28) -> 0
B28: 2.4.1 | C28: Kit de emergencia para derrames químicos. Incluye bolsa de arena, caneca de 5 galones, bolsas plásticas, pala pequeña, guantes y mascarilla para concentración de partículas. | D28: un | E28: 0 | F28: =+I28*$I$6 -> 79500 | G28: =IF(E28="","-",E28*F28) -> 0 | I28: 75000
B29: 2.5 | C29: Prevención de la contaminación de cuerpos de Agua y redes de servicios públicos | G29: =SUM(G30) -> 0
B30: 2.5.1 | C30: Malla tipo polisombra color naranja para proteger sumideros (rollo 10 m x 1,50 m) | D30: un | F30: =+I30*$I$6 -> 94234 | G30: =IF(E30="","-",E30*F30) -> - | I30: 88900
B31: 2.6 | C31: Manejo de la vegetación y el paisaje | G31: =SUM(G32) -> 0
B32: 2.6.1 | C32: Malla tipo polisombra color naranja para proteger sumideros (rollo 50 m x 1,50 m) | D32: un | E32: 0 | F32: =+I32*$I$6 -> 94234 | G32: =+E32*F32 -> 0 | I32: 88900
B33: 2.7 | C33: Señalización y Desvíos | G33: =SUM(G34:G36) -> 0
B34: 2.7.1 | C34: Señales reglamentarias (vía cerrada, desvío, etc) Dimensiones y características según lo establecido por el Manual de Señalización vial adoptado mediante Resolución 1050 de 2004 del Ministerio de Transporte (Alquiler)). | F34: =+I34*$I$6 -> 0 | G34: =IF(E34="","-",E34*F34) -> -
B35: 2.7.2 | C35: Cinta de señalización naranja (calibre 4, rollo 0.8 m x 80 m) | D35: un | E35: 0 | F35: =+I35*$I$6 -> 26500 | G35: =IF(E35="","-",E35*F35) -> 0 | I35: 25000
B36: 2.7.3 | C36: Malla tipo polisombra color naranja para proteger sumideros (rollo 100 m x 1,50 m) | F36: =+I36*$I$6 -> 0 | G36: =IF(E36="","-",E36*F36) -> -
B37: 3 | C37: GESTIÓN DE SEGURIDAD Y SALUD EN EL TRABAJO | G37: =+G38+G50 -> 643356.72
B38: 3.1 | C38: Medicina preventiva y del trabajo | G38: =SUM(G39:G49) -> 508142.8
B39: 3.1.1 | C39: Casco con barbuquejo | D39: un | E39: 2 | F39: =+I39*$I$6 -> 23839.4 | G39: =IF(E39="","-",E39*F39) -> 47678.8 | I39: 22490
B40: 3.1.2 | C40: Guantes de vaqueta | D40: un | E40: 4 | F40: =+I40*$I$6 -> 9116 | G40: =IF(E40="","-",E40*F40) -> 36464 | I40: 8600
B41: 3.1.3 | C41: Guantes de Nitrilo | D41: un | E41: 0 | F41: =+I41*$I$6 -> 1590 | G41: =IF(E41="","-",E41*F41) -> 0 | I41: 1500
B42: 3.1.4 | C42: Guantes de Hilaza | D42: un | E42: 0 | F42: =+I42*$I$6 -> 3816 | G42: =IF(E42="","-",E42*F42) -> 0 | I42: 3600
B43: 3.1.5 | C43: Botas de seguridad con puntera | D43: un | E43: 0 | F43: =+I43*$I$6 -> 63600 | G43: =IF(E43="","-",E43*F43) -> 0 | I43: 60000
B44: 3.1.6 | C44: Protector auditivo | D44: un | E44: 0 | F44: =+I44*$I$6 -> 2756 | G44: =IF(E44="","-",E44*F44) -> 0 | I44: 2600
B45: 3.1.7 | C45: Gafa de seguridad | D45: un | E45: 2 | F45: =+I45*$I$6 -> 5300 | G45: =IF(E45="","-",E45*F45) -> 10600 | I45: 5000
B46: 3.1.8 | C46: Mascarilla para concentraciones de partículas | D46: un | E46: 0 | F46: =+I46*$I$6 -> 1590 | G46: =IF(E46="","-",E46*F46) -> 0 | I46: 1500
B47: 3.1.9 | C47: Abrigos plásticos impermeables | D47: un | E47: 0 | F47: =+I47*$I$6 -> 19610 | G47: =IF(E47="","-",E47*F47) -> 0 | I47: 18500
B48: 3.1.10 | C48: Camilla de primeros auxilios | D48: un | E48: 2 | F48: =+I48*$I$6 -> 137800 | G48: =IF(E48="","-",E48*F48) -> 275600 | I48: 130000
B49: 3.1.11 | C49: Botiquín primeros auxilios | D49: un | E49: 2 | F49: =+I49*$I$6 -> 68900 | G49: =IF(E49="","-",E49*F49) -> 137800 | I49: 65000
B50: 3.2 | C50: Higiene y seguridad industrial | G50: =SUM(G51:G52) -> 135213.92
B51: 3.2.1 | C51: Extintor Multipropósito ABC de 20 libras | D51: un | E51: 2 | F51: =+I51*$I$6 -> 67606.96 | G51: =IF(E51="","-",E51*F51) -> 135213.92 | I51: 63780.151
B52: 3.2.2 | C52: Adecuación de baño | D52: un | E52: 0 | F52: =+I52*$I$6 -> 767579.42 | G52: =IF(E52="","-",E52*F52) -> 0 | I52: 724131.53
B53: TOTAL PLAN DE GESTION INTEGRAL DE OBRA | G53: =+G7+G16+G37 -> 1444227

Sheet CRONOGRAMA
A1: Cree una programación para un proyecto en esta hoja de cálculo. Escriba el título de este proyecto en la celda B1. Para obtener información sobre cómo usar esta hoja de cálculo, incluidas las instrucciones para lectores de pantalla y el nombre del autor de este libro, vea la hoja de cálculo Información. Desplácese hacia abajo por la columna A para escuchar más instrucciones. | B1: CRONOGRAMA DE ACTIVIDADES | J1: NOTA: * Se deberá ingresar la fecha de inicio del proyecto en la casilla azul. * El cronograma se deberá diligenciar en las casillas E y F respectivamente por cada actividad a realizar dentro del proyecto.
A2: Escriba el nombre de la compañía en la celda B2. | B2: PROGRAMACION DE OBRA
A3: Escriba el nombre del responsable del proyecto en la celda B3. Escriba la fecha de comienzo del proyecto en la celda E3. Inicio del proyecto: la etiqueta se encuentra en la celda C3. | B3: Ingresar fecha de Inicio: | E3: 46203
A4: La semana que se muestra en la celda E4 representa la semana inicial para mostrar en la programación del proyecto en la celda I4. La fecha de inicio del proyecto se considera la semana 1. Para cambiar semana que se muestra, simplemente escriba un número de semana nuevo en la celda E4. La fecha de inicio de cada semana, comenzando por la semana mostrada en la celda E4, comienza en la celda I4 y se calcula automáticamente. Hay 8 semanas representadas en esta vista desde la celda I4 hasta la celda BF4. No debería modificar estas celdas. La etiqueta de la semana para mostrar se encuentra en la celda C4. | B4: Semana para mostrar: | E4: 1 | I4: =I5 -> 46202 | P4: =P5 -> 46209 | W4: =W5 -> 46216 | AD4: =AD5 -> 46223 | AK4: =AK5 -> 46230 | AR4: =AR5 -> 46237 | AY4: =AY5 -> 46244 | BF4: =BF5 -> 46251
A5: Las celdas I5 a BL5 contienen el número de días de la semana representado en el bloque de celdas encima de cada celda de fecha y se calculan automáticamente. No debería modificar estas celdas. La fecha actual está rodeada con una línea roja (hex. AD3815) desde la fecha actual en la fila 5 hasta toda la columna de fechas y el fin de la programación del proyecto. | I5: =CRONOGRAMA!Inicio_del_proyecto-WEEKDAY(CRONOGRAMA!Inicio_del_proyecto,1)+2+7*(CRONOGRAMA!Semana_para_mostrar-1) -> 46202 | J5: =I5+1 -> 46203 | K5: =J5+1 -> 46204 | L5: =K5+1 -> 46205 | M5: =L5+1 -> 46206 | N5: =M5+1 -> 46207 | O5: =N5+1 -> 46208 | P5: =O5+1 -> 46209 | Q5: =P5+1 -> 46210 | ... BL5: =BK5+1 -> 46257
A6: Esta fila contiene los encabezados de la programación del proyecto posterior debajo de estos. Navegue desde la celda B6 a BL 6 para escuchar el contenido. La primera letra de cada día de la semana de la fecha encima de ese encabezado empieza en la celda I6 y continúa hasta la celda BL6. Todo el gráficos de escala de tiempo del proyecto está generados automáticamente en función de las fechas de inicio y finalización especificadas, con formatos condicionales. No modifique el contenido de las celdas en las columnas después de la columna I comenzando por la celda I7. | B6: TAREA | C6: ASIGNADO A | D6: % PROGRESO | E6: FECHA INICIO | F6: FECHA FIN | H6: DÍAS | I6: =LEFT(TEXT(I5,"ddd"),1) -> l | J6: =LEFT(TEXT(J5,"ddd"),1) -> m | K6: =LEFT(TEXT(K5,"ddd"),1) -> m | L6: =LEFT(TEXT(L5,"ddd"),1) -> j | M6: =LEFT(TEXT(M5,"ddd"),1) -> v | N6: =LEFT(TEXT(N5,"ddd"),1) -> s | O6: =LEFT(TEXT(O5,"ddd"),1) -> d | P6: =LEFT(TEXT(P5,"ddd"),1) -> l | ... BL6: =LEFT(TEXT(BL5,"ddd"),1) -> d
A7: No elimine esta fila. Esta fila está oculta para conservar una fórmula que se usa para resaltar el día actual dentro de la programación del proyecto. | H7: =IF(OR(ISBLANK(CRONOGRAMA!task_start),ISBLANK(CRONOGRAMA!task_end)),"",CRONOGRAMA!task_end-CRONOGRAMA!task_start+1)
A8: La celda B8 contiene el título de ejemplo de la Fase 1. Escriba un nuevo título en la celda B8. Escriba un nombre para asignar la fase, si se aplica para el proyecto, en la celda C8. Escriba el progreso de la fase completa, si se aplica para el proyecto, en la celda D8. Escriba las fechas de inicio y finalización de la fase completa, si se aplica para el proyecto, en las celdas E8 y F8. El gráfico de Gantt rellena automáticamente las fechas adecuadas y aplica un sombreado según el progreso especificado. Para eliminar la fase y trabajar solo con las tareas, elimine esta fila. | B8: RESUMEN | D8: 0 | H8: =IF(OR(ISBLANK(CRONOGRAMA!task_start),ISBLANK(CRONOGRAMA!task_end)),"",CRONOGRAMA!task_end-CRONOGRAMA!task_start+1)
B9: =+CAPITULOS!C3 -> PRELIMINARES | D9: 0 | E9: =+Inicio_del_proyecto -> 46203 | F9: =+E9+3 -> 46206 | H9: 4
B10: =+CAPITULOS!C4 -> LIMPIEZA Y ROCERIA | D10: 0 | E10: =+F9 -> 46206 | F10: =+E10+2 -> 46208 | H10: 3
B11: =+CAPITULOS!C5 -> RETIROS Y DEMOLICIONES | D11: 0 | E11: =+F10 -> 46208 | F11: =+E11+2 -> 46210 | H11: 5
B12: =+CAPITULOS!C6 -> MOVIMIENTOS DE TIERRA | D12: 0 | E12: =+F11 -> 46210 | F12: =+E12+2 -> 46212 | H12: 3
B13: =+CAPITULOS!C7 -> CONCRETOS | D13: 0 | E13: =+F12 -> 46212 | F13: =+E13+2 -> 46214 | H13: 3
B14: =+CAPITULOS!C8 -> ACERO DE REFUERZO | D14: 0 | E14: =+F13 -> 46214 | F14: =+E14+2 -> 46216 | H14: 2
B15: =+CAPITULOS!C9 -> IMPERMEABILIZACIONES | D15: 0 | E15: =+F14 -> 46216 | F15: =+E15+2 -> 46218 | H15: 1
B16: =+CAPITULOS!C10 -> PISOS EN CONCRETO | D16: 0 | E16: =+F15 -> 46218 | F16: =+E16+2 -> 46220 | H16: 4
B17: =+CAPITULOS!C11 -> MAMPOSTERIA | D17: 0
B18: =+CAPITULOS!C12 -> CUBIERTA | D18: 0 | E18: =+F16 -> 46220 | F18: =+E18+4 -> 46224 | H18: 5
B19: =+CAPITULOS!C13 -> CARPINTERÍA METÁLICA y MADERA | D19: 0 | E19: =+F18 -> 46224 | F19: =+E19+4 -> 46228 | H19: 5
B20: =+CAPITULOS!C14 -> REDES HIDROSANITARIAS | D20: 0 | E20: =+F19 -> 46228 | F20: =+E20+4 -> 46232 | H20: 3
B21: =+CAPITULOS!C15 -> INSTALACIONES ELECTRICAS | D21: 0 | E21: =+F20 -> 46232 | F21: =+E21+4 -> 46236 | H21: 4
B22: =+CAPITULOS!C16 -> RED DE GAS | D22: 0 | H22: =IF(OR(ISBLANK(CRONOGRAMA!task_start),ISBLANK(CRONOGRAMA!task_end)),"",CRONOGRAMA!task_end-CRONOGRAMA!task_start+1)
B23: =+CAPITULOS!C17 -> REVOQUES Y ENCHAPES | D23: 0 | E23: =+F21 -> 46236 | F23: =+E23+4 -> 46240 | H23: 4
B24: =+CAPITULOS!C18 -> PISOS | D24: 0 | E24: =+F23 -> 46240 | F24: =+E24+4 -> 46244 | H24: 7
B25: =+CAPITULOS!C19 -> ESTUCOS Y PINTURAS | D25: 0 | E25: =+F24 -> 46244 | F25: =+E25+4 -> 46248 | H25: 4
B26: =+CAPITULOS!C20 -> CIELOS FALSOS | D26: 0 | E26: =+F25 -> 46248 | F26: =+E26+4 -> 46252 | H26: 3
B27: NOTA | H27: =+SUM(H8:H26)/30 -> 2
B28: =IF(H27=0,"",IF(H27<>'FORM-AU'!H7,"VERIFICAR. Que el tiempo estimado para las actividades, debe ser el mismo tiempo contemplado en el AU.","OK")) -> OK

Sheet INSUMOS
B2: DESCRIPCION | C2: UND | D2: VALOR
B3: Acarreo interno de materiales | C3: m3 | D3: 15663
B4: Abasto metálico (llave de regulación liviana de 1/2"metálica con manguera metálica) | C4: un | D4: 51900
B5: Abrazadera tipo fijador galvanizado para tubo de Ø= 1/2" + tornillos marca mecano ref FT2AG012N o equivalente. | C5: un | D5: 200
B6: Abrazadera tipo fijador galvanizado para tubo de Ø= 4" + tornillos marca mecano ref FPAG400 o equivalente. | C6: un | D6: 4150
B7: Accesorio Codo 45° PVC 2" | C7: un | D7: 2050
B8: Accesorio Codo 90° PVC 1/2" | C8: un | D8: 824.768
B9: Accesorio Codo 90° PVC 2" | C9: un | D9: 2200
B10: Accesorio Codo 90° PVC 3/4" | C10: un | D10: 1320
B11: Accesorio Codo 90° PVC 4" | C11: un | D11: 17859
B12: Accesorio Hembra PVC 1/2" | C12: un | D12: 642
B13: Accesorio Macho PVC 1/2" | C13: un | D13: 568
B14: Accesorio Tee PVC 1/2" | C14: un | D14: 1086.716
... B40: Ángulo de 3/4" x 1/8" | C40: m | D40: 3142
B41: Ángulo de cuelga, para cielo raso en Drywall | C41: m | D41: =1142*1.085 -> 1239.07
B42: Ángulo perimetral calibre 26, longitud 2.44 m, para cielo raso en Drywall | C42: m | D42: =3063*1.085 -> 3323.355
B43: ANILLO MARCADOR PARA CABLE AR1-0 CX100UN DEXSON O SIMILIAR | C43: un | D43: 473.4
B44: Anticorrosivo | C44: gal | D44: 74900
B45: Anticorrosivo cromato de zinc | C45: gal | D45: 92630
B46: ARENA DE CONCRETO | C46: m3 | D46: 135000
B47: ARENA DE PEGA | C47: m3 | D47: 135000
B48: Arenilla | C48: m3 | D48: 46115
B49: Arnes de seguridad 4 puntos, eslinga, linea de vida, mosqueton, freno y todos los elementos de seguridad necesarios para desarrollar la labor. | C49: día | D49: 47340
B50: Aviso acrílico abierto-cerrado para gas | C50: un | D50: 12000
B51: Baldosa monocapa en grano pulido fondcolor azul y/o verde tipo Roca o similar., de 40X40 cm, | C51: m2 | D51: 117500
B52: Barniz brillante exterior a base de aceite Pintuco-Pintulux | C52: gal | D52: 133267
B53: Base anticorrosiva y adherente | C53: gal | D53: 106400
B54: Base granular tamaño maximo 1 1/2" | C54: m3 | D54: 126672
... B100: Cinta de enmascarar 3/4" | C100: m | D100: 240
B101: cinta papel rollo x 75ml | C101: m | D101: =265*1.085 -> 287.525
B102: Clavo común de 1". Caja x 500gr. | C102: lb | D102: 5512
B103: Codo 45º PVC-S CxC, Ø= 4". | C103: un | D103: 17967
B104: Codo 90º acero galvanizado, Ø= 1/2". | C104: un | D104: 1800
B105: Codo 90º Exterior (calle), en acero galvanizado, Ø= 1/2". | C105: un | D105: 2300
B106: Codo 90º PVC-S CxC, Ø= 4". | C106: un | D106: 8000
B107: color mineral (pigmento p10) rojo y amar | C107: kg | D107: 19800
B108: Compactador tipo Canguro. Incluye combustible y transporte. | C108: día | D108: 48620
B109: Compactador tipo Rana a gasolina | C109: día | D109: 30000
B110: Compresor de Aire para pintura 150 Lbs | C110: dia | D110: 45000
B111: Compresor Neumático con martillo demoledor o perforador en superficie, punta, combustible y operador. | C111: hr | D111: 68500
B112: concremix gris ipb (24 kg) | C112: kg | D112: 3280
B113: CONCRETADORA TROMPO ELECT.1SAC | C113: hr | D113: 6500
B114: CONCRETO 1:2:3 ½ OBRA (3000psi) - 210K/CM2 | C114: m3 | D114: =+APA!I6 -> 686100.74
B115: CONCRETO 1:3:3 OBRA (2400psi) - 170K/CM2 | C115: m3 | D115: =+APA!I41 -> 651719.93
B116: CONCRETO 1:3:5 OBRA (2000psi) - 140K/CM2 | C116: m3 | D116: =+APA!I76 -> 608946.12
B117: CONCRETO 1:3:8 OBRA (1420psi) - 100K/CM2 | C117: m3 | D117: =+APA!I146 -> 480800.23
B118: Conector abrazadera para pipeta | C118: un | D118: 34500
B119: Conector de acero flexible inoxidable enchaquetado de 24" | C119: un | D119: 33700
B120: Conector Reducción Polietileno De 1" A 1/2" | C120: un | D120: 2750
B121: conector resorte | C121: un | D121: 473
B122: conector varilla puesta a tierra | C122: un | D122: 10047
B123: conectores de compresión CU | C123: un | D123: 9004
B124: Cortadora de Cerámica TX-900 TM-50 TS-60 | C124: día | D124: 11850
B125: Cortadora de disco para piso y/o pavimento 2" de profundidad | C125: m | D125: 8711
B126: Cortadora de ladrillo eléctrica sin disco (alquiler) | C126: día | D126: 12400
B127: Cortina enrrollable + tapa rollo | C127: m² | D127: 392753
B128: CURVAS EMT DE 1/2 | C128: un | D128: 1315
B129: Desmoldante, Separol o similar | C129: un | D129: 295180
... B172: LADRILLO 15X20X40 RAYADO. puesto en obra | C172: un | D172: 3000
B173: Lámina de Fibrocemento SuperBoard de 1.22x2.44x10 mm. | C173: m2 | D173: =28922*1.085 -> 31380.37
B174: Lámina de icopor de 40 mm de 1.0 x 1.0 m. | C174: un | D174: 5500
B175: Lámina galvanizada calibre 18 de 1.20 x 2.40 mt. | C175: un | D175: 219300
B176: Larguero madera común 4cmx8cmx2.80m. Incluye transporte. | C176: un | D176: 19627
B177: largueros 2"x4" 4v. (12 usos) | C177: ml | D177: 5798
B178: Largueros de 2"X2" | C178: ml | D178: 8406
B179: LECHADA PREPARADA | C179: M2 | D179: =+APA!I216 -> 3659.5064
B180: Lija 200 | C180: un | D180: 1350
B181: Lija de agua 150 | C181: un | D181: 1900
B182: Lija de agua 150 super | C182: un | D182: =1650*1.085 -> 1790.25
B183: Limpiador de oxido | C183: 1/4 Gal | D183: 32673.6
B184: Limpiador remov. para PVC | C184: un | D184: 52000
B185: Limpiador Removedor PVC x 1/4 de galón. | C185: un | D185: 63120
B186: Listón madera común de 2"x1" | C186: un | D186: 5000
B187: Luminaria emergencia Led R1 2x1.6w Sylvania o su equivalente | C187: un | D187: 83002.8
B188: luminaria Hermética LED 50W, 6500K, 120-277V, 60 Hz, IP65. Sylvania P37390-36 o su equivalente | C188: m | D188: 185968.03
B189: Luminaria tipo tortuga | C189: un | D189: 35000
B190: Malla electrosoldada D-106 | C190: m2 | D190: 12627
B191: Malla electrosoldada D-84 | C191: m2 | D191: 8407
B192: Malla eslabonada galvanizada cal. 10 ojo N°4 | C192: m2 | D192: 46410
B193: Malla eslabonada galvanizada cal. 10 ojo N°5 | C193: m2 | D193: 29750
B194: Malla nylon ojo 10 x 10, calibre 2 | C194: m2 | D194: 10710
... B198: Manto bicapa acabado granulado (manto asfalto modificado refuerzo Poliester + Sufridor 2+3 mm) | C198: m2 | D198: 51321
B199: Masilla acrílica para interiores en drywall (5galones) | C199: un | D199: =49400*1.085 -> 53599
B200: Masilla de silicona neutra | C200: un | D200: 250000
B201: Masilla para metal | C201: gal | D201: 126240
B202: medidor eléctrico trifilar 240V 5 100A calibrado | C202: un | D202: 100000
B203: Mesón en acero inoxidable de 0.6 x 0.02 m, incluye pozuelo de 500x 500 x 250 | C203: un | D203: 2100000
B204: Mesón en acero inoxidable de 0.6 x 0.02 m, plano de 500x 500 x 250 | C204: un | D204: 1800000
B205: Moldura plastica blanco (toro plastico) 2.40m | C205: m | D205: 2875
B206: MORTERO 1:3 En obra | C206: m3 | D206: =+APA!I181 -> 687369.72
B207: Mortero 1:4 en obra | C207: m3 | D207: =+APA!I111 -> 619615.47
B208: Mortero 1:5 en obra | C208: m3 | D208: 427644
B209: Mortero TOXEMENT EUCOPATCH M (saco 30 kg) | C209: un | D209: 159079
B210: Mosquitera fija formada por marco de perfiles de aluminio lacado | C210: un | D210: 150000
B211: Motosierra a gasolina, de 50 cm de espada y 2 kW de potencia. | C211: HR | D211: 8550.46
B212: Mueble de despensa. Estructura y Entrepaños en lamina (5 entrepaños) | C212: ml | D212: 1500000
B213: Mueble sup.madecor liso (subcontrato todo costo) | C213: m | D213: 629900
B214: Niple en acero de carbono de 1/2" x 10 cm | C214: un | D214: 6550
B215: Niple en acero de carbono de 1/2" x 5 cm | C215: un | D215: 3550
B216: Paral vertical 6 cm. En lámina de acero galvanizado para muro en placas de yeso | C216: m | D216: 2547
...
